 Dungeon Crawl Stone Soup version 0.25.1-2-g60ff931df9 (webtiles) character file.

Game seed: 14254722561561076787

262310 lepoulpe303 the Unseen (level 19, -8/94 HPs)
             Began as a Spriggan Earth Elementalist on Aug 31, 2020.
             Was an Initiate of Gozag.
             Killed from afar by an ice dragon (50 damage)
             ... with a blast of cold
             ... on level 1 of the Shoals on Sept 1, 2020.
             The game lasted 05:54:46 (71112 turns).

lepoulpe303 the Unseen (SpEE)                      Turns: 71112, Time: 05:54:47

Health: -8/94      AC: 11    Str:  5    XL:     19   Next: 60%
Magic:  8/40       EV: 39    Int: 31    God:    Gozag
Gold:   6616       SH: 11    Dex: 22    Spells: 3/50 levels left

rFire    + + .     SeeInvis +   J - +4 dagger (distort) {!w}
rCold    . . .     Gourm    .   a - +3 buckler
rNeg     + . .     Faith    .   U - +5 robe of Night {Dark MR+ SInv}
rPois    .         Spirit   .   V - +2 hat
rElec    +         Reflect  .   O - +1 cloak of Arre {rElec rF++}
rCorr    .         Harm     .   (gloves unavailable)
MR       +++++     Clarity  +   (boots unavailable)
Stlth    +++++++...             T - amulet of the Four Winds {rN+ MR+++ Clar}
HPRegen  0.25/turn              u - ring of Xiofom {*Drain EV+4 Int+8 Dex+5}
MPRegen  0.27/turn              b - ring of flight

@: gold aura, very quick
A: very small, unfitting armour, see invisible, herbivore, speed 3, slow
metabolism 2, subdued magic 1
}: 1/15 runes: serpentine
a: Potion Petition, Call Merchant, Bribe Branch, Renounce Religion, Evoke Flight


You were on level 1 of the Shoals.
You worshipped Gozag.
Gozag was greatly pleased with you.
You were not hungry.

You visited 7 branches of the dungeon, and saw 32 of its levels.
You also visited: Ossuary and Volcano.

You collected 14079 gold pieces.
You spent 4947 gold pieces at shops.
You paid 2516 gold pieces to Gozag.

Inventory:

Hand Weapons
 J - a +4 dagger of distortion (weapon) {!w}
Missiles
 k - 5 throwing nets {=f}
 Q - 277 stones (quivered)
 X - 3 curare-tipped darts
Armour
 a - a +3 buckler (worn)
 c - the +1 robe of the Loofah {rC+ Str+4}
   (You took it off a deep elf mage on level 3 of the Elven Halls)

   It affects your strength (+4).
   It protects you from cold.
 O - the +1 cloak of Arre (worn) {rElec rF++}
   (You found it on level 3 of the Elven Halls)

   It greatly protects you from fire.
   It insulates you from electricity.
 U - the +5 robe of Night (worn) {Dark MR+ SInv}
   (You acquired it on level 4 of the Lair of Beasts)

   It affects your resistance to hostile enchantments.
   It lets you see invisible.
 V - a +2 hat (worn)
 Z - a scarf of invisibility
Jewellery
 b - a ring of flight (right hand)
 u - the ring of Xiofom (left hand) {*Drain EV+4 Int+8 Dex+5}
   (You bought it in a shop on level 15 of the Dungeon)

   [ring of evasion]

   It affects your evasion (+4).
   It affects your intelligence (+8).
   It affects your dexterity (+5).
   It causes draining when unequipped.
 x - an uncursed ring of protection from fire
 C - an uncursed ring of resist corrosion
 I - an uncursed ring of protection from cold
 L - a +4 ring of protection
 T - the amulet of the Four Winds (around neck) {rN+ MR+++ Clar}
   (You bought it in a shop on level 15 of the Dungeon)

   [amulet of nothing]

   It protects you from negative energy.
   It affects your resistance to hostile enchantments.
   It protects you against confusion.
Wands
 p - a wand of paralysis (2)
 r - a wand of disintegration (10)
 s - a wand of iceblast (25)
 v - a wand of enslavement (14)
 D - a wand of digging (7)
 F - a wand of acid (20)
 H - a wand of flame (93)
 K - a wand of clouds (5)
 M - a wand of polymorph (22)
Scrolls
 f - a scroll of fog
 g - 4 scrolls of fear
 i - 3 scrolls of identify
 j - 2 scrolls of silence
 t - 8 scrolls of teleportation
 w - 14 scrolls of remove curse
 A - 2 scrolls of magic mapping {!r}
 B - 4 scrolls of blinking {!r}
 R - 10 scrolls of immolation {!r}
 Y - 2 scrolls of holy word {!r}
Potions
 d - a potion of berserk rage {!q}
 h - 5 potions of haste
 l - 5 potions of heal wounds
 m - 3 potions of brilliance
 n - 2 potions of resistance
 o - 5 potions of magic
 q - 10 potions of curing
 z - 2 potions of stabbing
 E - 3 potions of lignification {!q}
 G - 2 potions of invisibility
 P - 2 potions of cancellation
Miscellaneous
 N - a tin of tremorstones (3/3)
 W - a lightning rod (4/4)
Comestibles
 e - 42 rations


   Skills:
 + Level 8.2 Fighting
 - Level 10.0 Short Blades
 + Level 16.8 Dodging
 + Level 18.0 Stealth
 - Level 4.0 Shields
 - Level 16.0 Spellcasting
 + Level 13.2 Hexes
 + Level 12.8 Charms
 * Level 7.4 Summonings
 - Level 1.3 Transmutations
 + Level 5.9 Fire Magic
 * Level 14.8 Earth Magic
 - Level 11.5 Evocations


You had 3 spell levels left.
You knew the following spells:

 Your Spells              Type           Power        Failure   Level  Hunger
a - Sandblast             Erth           ######       0%          1    None
b - Confusing Touch       Hex            ######..     0%          3    None
c - Petrify               Tmut/Erth      ######..     1%          4    None
d - Fulminant Prism       Conj/Hex       ######....   1%          4    None
e - Darkness              Hex            ######....   1%          6    ##.....
f - Ring of Flames        Chrm/Fire      ######....   32%         7    #####..
g - Summon Guardian Gole  Hex/Summ       ######..     1%          3    None
h - Summon Demon          Summ           ######....   1%          5    None
w - Passwall              Tmut/Erth      ######..     1%          2    None
x - Stone Arrow           Conj/Erth      ######       1%          3    None
z - Lee's Rapid Deconstr  Erth           ######....   1%          5    None
D - Summon Lightning Spi  Summ/Air       #####...     3%          4    None

Your spell library contained the following spells:

 Spells                   Type           Power        Failure   Level  Hunger
 Corona                   Hex            ######.      0%          1    None
 Infusion                 Chrm           ####         0%          1    None
 Spectral Weapon          Hex/Chrm       ######..     0%          3    None
 Tukima's Dance           Hex            ######..     0%          3    None
 Apportation              Tloc           ###...       1%          1    None
 Foxfire                  Conj/Fire      ####         1%          1    None
 Freeze                   Ice            ###.         1%          1    None
 Magic Dart               Conj           ###.         1%          1    None
 Shock                    Conj/Air       ###.         1%          1    None
 Summon Butterflies       Summ           ######..     1%          1    None
 Summon Small Mammal      Summ           ####         1%          1    None
 Call Imp                 Summ           ######..     1%          2    None
 Ensorcelled Hibernation  Hex/Ice        ######       1%          2    None
 Call Canine Familiar     Summ           ######..     1%          3    None
 Dazzling Flash           Conj/Hex       ######       1%          3    None
 Ozocubu's Armour         Chrm/Ice       #####...     1%          3    None
 Recall                   Summ/Tloc      N/A          1%          3    None
 Poisonous Vapours        Pois/Air       ###...       2%          2    None
 Searing Ray              Conj           ###...       2%          2    None
 Frozen Ramparts          Ice            ###...       4%          3    None
 Gell's Gravitas          Tloc           ###.......   4%          3    None
 Lesser Beckoning         Tloc           ###.......   4%          3    None
 Static Discharge         Conj/Air       ###.....     4%          3    None
 Cause Fear               Hex            ######....   1%          4    None
 Aura of Abjuration       Summ           ######....   1%          5    None
 Summon Mana Viper        Hex/Summ       ######..     1%          5    None
 Invisibility             Hex            ######..     1%          6    ##.....
 Yara's Violent Unravell  Hex/Tmut       ######....   2%          5    None
 Summon Ice Beast         Ice/Summ       #####...     3%          4    None
 Excruciating Wounds      Chrm/Necr      #####.....   3%          5    None
 Metabolic Englaciation   Hex/Ice        ######....   3%          5    None
 Summon Forest            Summ/Tloc      #####.....   11%         5    None
 Shadow Creatures         Summ           N/A          13%         6    ##.....
 Hailstorm                Conj/Ice       ###.....     19%         4    None
 Iskenderun's Mystic Bla  Conj/Tloc      ###.....     19%         4    None
 Alistair's Intoxication  Tmut/Pois      ###.....     36%         5    None
 Monstrous Menagerie      Summ           ######....   61%         7    #####..
 Summon Greater Demon     Summ           ######....   61%         7    #####..
 Freezing Cloud           Conj/Ice/Air   ###.......   96%         6    ##.....
 Malign Gateway           Summ/Tloc      #####.....   98%         7    #####..
 Spellforged Servitor     Conj/Summ      #####.....   98%         7    #####..
 Summon Horrible Things   Summ           ######....   99%         8    ######.
 Dragon Form              Tmut           ####......   100%        7    #####..
 Dragon's Call            Summ           ######....   100%        9    #######


Dungeon Overview and Level Annotations

Branches:
Dungeon (15/15)            Temple (1/1) D:4            Lair (6/6) D:11
 Shoals (1/4) Lair:4        Snake (4/4) Lair:2        Slime (0/5) Lair:5
    Orc (2/2) D:12            Elf (3/3) Orc:2        Vaults (0/5) D:14
 Depths (0/5) D:15        Ossuary (visited)         Volcano (visited)

Altars:
Ashenzari
Cheibriados
Dithmenos
Elyvilon
Fedhas
Gozag
Hepliaklqana
Kikubaaqudgha
Makhleb
Nemelex Xobeh
Okawaru
Qazlal
Ru
Sif Muna
Trog
Uskayaw
Vehumet
Wu Jian
Xom
Yredelemnul
Zin
The Shining One

Shops:
D:11 =*   D:12 [(   D:15 =   Orc:2 [(=*   Elf:1 [   Elf:2 }[!(}   Lair:4 *
Snake:4 !

Annotations:
D:4 Ijyb
Abyss:1 Aizul, Erolcha, Roxanne


Innate Abilities, Weirdness & Mutations

You are very small and have problems with some larger weapons.
You are too small for most types of armour.
You have supernaturally acute eyesight. (SInv)
You are a herbivore.
You cover ground extremely quickly.
You need to consume almost no food.
Your spells are a little easier to cast, but a little less powerful.


Message History

* * * LOW MAGIC WARNING * * *
Your rust devil corrodes the ice dragon!
The faun completely misses you.
You now have 13/40 mp.
You open a gate to Pandemonium!
A demon appears!
* * * LOW MAGIC WARNING * * *
Your red devil hops backward while attacking.
The faun gestures at you while chanting.
You resist with almost no effort.
You now have 8/40 mp.
The ice dragon is no longer distracted by gold.
The faun hits your rust devil with a +0 spear!
The ice dragon breathes frost at you.
The blast of cold hits your red devil!!!
Your red devil is frozen!
Your red devil dies!
The blast of cold hits you!!!
Ouch! That really hurt!
You die...
Your body crumbles into a pile of gold.

≈..### #....≈≈≈≈.....≈D≈≈≈≈≈≈#
≈....## #...≈≈≈≈≈≈....≈≈≈≈≈≈≈≈#
≈≈≈...##
#...≈≈≈≈≈≈≈..≈≈§4≈≈≈≈≈#
≈≈≈≈...#
#...≈≈≈≈.....§D§≈≈≈≈≈≈#
.≈≈≈..##
#...≈≈≈......≈.≈≈≈≈≈≈≈#
.≈≈≈...####...≈.........≈≈≈≈≈≈≈
.≈≈≈≈≈..# #.......c...≈..≈≈≈≈≈≈
.≈≈≈≈≈≈.###.......##c≈≈...≈≈≈≈≈
.≈≈≈≈≈.≈..)...(≈@...Dc≈...≈≈≈≈≈
PP≈.≈≈≈≈≈≈≈.........4.....≈≈≈≈≈
≈≈≈≈≈≈≈≈≈≈≈≈......4.......≈≈≈≈≈
≈≈≈≈≈≈≈≈≈≈≈.....#.........≈≈≈≈≈
≈≈≈≈≈≈≈≈≈≈≈....###........≈≈≈≈≈
≈..≈≈≈≈≈≈≈≈....###....≈≈.≈≈≈≈≈
....≈≈≈≈≈≈≈............≈≈≈≈≈≈≈
≈####.≈≈≈≈≈≈≈≈..###....≈≈≈≈≈≈≈
.# #.)≈.≈≈≈.#####...##..≈≈≈≈


You could see an ice dragon (catching breath, corroded), 3 fauns, a friendly
rust devil (summoned) and a friendly red devil (summoned).

Levels and vault maps discovered:
D:1:      lightli_arrival_lavapool, layout_basic
D:2:      kb_forest_paths, layout_rooms, grunt_qazlal_sundering
D:3:      layout_rooms
D:4:      layout_cave_pools, gammafunk_temple_overflow_statue,
          minmay_temple_entry_junction, enter_ossuary_2, uniq_ijyb, uniq_edmund,
          uniq_duvessa, uniq_menkaure
D:5:      layout_rooms, grunt_temple_overflow_order_and_chaos_2, first_ration,
          uniq_sigmund
D:6:      layout_loops_ring, amethyst_overflow_temple_binary,
          lemuel_blue_sif_altar, ebering_dispersal_statue_hall
D:7:      layout_basic, vehumet_crystals, marbit_many_paths,
          kennysheep_vampire_church, the_bakery, uniq_pikel
D:8:      layout_gridville
D:9:      layout_basic, basic_altar, minmay_between, uniq_psyche
D:10:     layout_basic
D:11:     minmay_the_grid_plus_closed [minmay_the_grid_embedded,
          minmay_the_grid_medium_cups, minmay_the_grid_stretched_grid,
          minmay_the_grid_box_x, minmay_the_grid_prize_four_corners],
          layout_gridville, dpeg_oklobed_lair, nicolae_evil_shop
D:12:     layout_basic, orc_david_3, uniq_maurice, uniq_erolcha, uniq_snorg
D:13:     layout_layer_cave, grunt_gozag_breadcrumbs
D:14:     layout_long_grid, grunt_vaults_entry_fortified,
          chequers_serial_rivers_micro_b
D:15:     grunt_enter_depths_magical_seal, layout_basic, basic_altar,
          hangedman_decor_slide_cut, ebering_ghost_inner_flame, minivault_28,
          uniq_roxanne
Temple:   minmay_freezing_vapour_temple
Lair:1:   layout_regular_city, hangedman_lair_generics_rect, lemuel_fruit_fields
Lair:2:   layout_misc_corridors, minmay_snake_entry_six_corridors,
          beast_lair_carwin_1
Lair:3:   beast_lair_carwin_large_2, layout_cave_pods
Lair:4:   beast_lair_carwin_large_3, layout_cave_shapes,
          elwin_shoals_entry_stream, enter_volcano_2, grunt_megastairs_3,
          uniq_sonja, uniq_urug
Lair:5:   layout_roguey, minmay_slime_entry_pillars, portal_ice_cave_entry_imps,
          eino_house_with_fridge, uniq_kirke
Lair:6:   hangedman_lair_caniforms_friends, layout_gridlike,
          nicolae_quartered_pool_super, grunt_megastairs_4, serial_bayou_shore_a
Shoals:1: argonaut_golden_fleece, layout_shoals
Snake:1:  layout_gridlike, st_stairs_7, nrook_guardian_serpent_double,
          lemuel_fruit_tree, uniq_aizul
Snake:2:  layout_chambers, special_room, uniq_vashnia
Snake:3:  layout_chambers, uniq_azrael
Snake:4:  grunt_snake_rune_pools, layout_misc_corridors, serial_shops,
          nicolae_shop_crystal, nicolae_snake_round_shape_thing
Orc:1:    layout_caves
Orc:2:    grunt_orc_gardens, layout_caves, grunt_orc_garden, grunt_orc_garden,
          grunt_orc_garden, grunt_orc_garden
Elf:1:    dpeg_oklob_gauntlet, layout_rooms, serial_shops,
          nicolae_shop_behind_doors, minmay_elf_sorcery, grunt_ministairs_4,
          roderic_roman_lattice, uniq_agnes
Elf:2:    layout_geoelf_octagon, special_room [special_room_mythical_zoo],
          serial_shops, shop, nicolae_shop_trees, shop_statue, shop_fountains,
          shop
Elf:3:    grunt_elf_hall_branching, layout_geoelf_diagonals

Notes
Turn   | Place    | Note
-------+----------+-------------------------------------------
     0 | D:1      | lepoulpe303 the Spriggan Earth Elementalist began the quest
                  | for the Orb.
     0 | D:1      | Reached XP level 1. HP: 9/9 MP: 5/5
    10 | D:1      | Identified a +0 club
    75 | D:1      | Identified a +0 club
   177 | D:1      | Reached skill level 3 in Spellcasting
   203 | D:1      | HP: 2/9 [bat (1)]
   208 | D:1      | Reached XP level 2. HP: 2/13 MP: 1/7
   525 | D:1      | Identified a +0 whip
   713 | D:1      | Identified a +0 club
   718 | D:1      | Reached skill level 3 in Earth Magic
   888 | D:1      | Identified a +0 dagger
   898 | D:1      | Learned a level 2 spell: Passwall
  1009 | D:1      | Identified a +0 club
  1124 | D:1      | Reached XP level 3. HP: 16/16 MP: 8/8
  1129 | D:1      | Learned a level 3 spell: Stone Arrow
  1183 | D:1      | Identified a +0 cloak (You found it on level 1 of the
                  | Dungeon)
  1843 | D:1      | Identified a +0 club
  1978 | D:2      | Identified a +0 club
  1994 | D:2      | Noticed a scorpion
  1997 | D:2      | Identified a +0 club
  2046 | D:1      | Killed a scorpion
  2046 | D:1      | Reached skill level 4 in Stealth
  2046 | D:1      | Reached XP level 4. HP: 21/21 MP: 10/10
  2098 | D:2      | Identified a +0 dagger
  2377 | D:2      | Reached skill level 4 in Dodging
  2579 | D:2      | Identified a +0 club
  2591 | D:2      | Identified a +0 club
  2607 | D:2      | Reached skill level 4 in Spellcasting
  2813 | D:2      | Identified a cursed -2 club
  3043 | D:3      | Identified a +0 club
  3079 | D:2      | Reached skill level 1 in Short Blades
  3307 | D:3      | Identified a +0 club
  3307 | D:3      | Identified a +0 chain mail
  3521 | D:3      | Identified a +0 flail
  3521 | D:3      | Identified a cursed +0 leather armour
  3522 | D:3      | Identified a +0 falchion
  3522 | D:3      | Identified a +0 leather armour
  3522 | D:3      | Identified a +0 trident
  3550 | D:3      | Reached XP level 5. HP: 20/24 MP: 12/12
  3579 | D:2      | Found a stormy altar of Qazlal.
  3732 | D:2      | Identified 3 scrolls of remove curse
  3733 | D:2      | Lost strength.
  3733 | D:2      | Identified a ring of strength (You found it on level 2 of
                  | the Dungeon)
  3740 | D:2      | Identified a +0 rapier (You found it on level 3 of the
                  | Dungeon)
  4103 | D:3      | Identified a +0 club
  4197 | D:3      | Identified a ring of protection from fire (You found it on
                  | level 3 of the Dungeon)
  4237 | D:3      | Identified a +0 club
  4374 | D:3      | Identified a +0 short sword
  4406 | D:3      | Identified a cursed +0 robe (You found it on level 3 of the
                  | Dungeon)
  4481 | D:4      | Identified a +0 halberd
  4517 | D:4      | Noticed Menkaure
  4519 | D:4      | HP: 6/24 [??? (4)]
  4570 | D:4      | Reached XP level 6. HP: 10/28 MP: 5/14
  4582 | D:4      | Found a staircase to the Ecumenical Temple.
  4583 | D:4      | Identified a +0 short sword
  4583 | D:4      | Identified a +2 scale mail of fire resistance
  4583 | D:4      | Noticed Duvessa
  4583 | D:4      | Identified a +0 dagger
  4583 | D:4      | Identified a +0 robe
  4583 | D:4      | Noticed Dowan
  4597 | D:4      | Identified a +0 hunting sling of flaming
  4608 | D:4      | Reached skill level 4 in Earth Magic
  4633 | D:4      | Identified a +0 flail
  4633 | D:4      | Identified a +0 club
  4633 | D:4      | Identified a +0 club
  4633 | D:4      | Identified a +0 ring mail
  4634 | D:4      | Identified a +0 leather armour
  4833 | D:3      | Identified 2 potions of curing
  5109 | D:4      | Found a sacrificial altar of Ru.
  5110 | D:4      | Found a glowing golden altar of the Shining One.
  5129 | D:4      | Identified a +2 dire flail of protection
  5129 | D:4      | Identified a +2 ring mail of poison resistance
  5129 | D:4      | Noticed Edmund
  5154 | D:4      | Found a sand-covered staircase.
  5159 | Ossuary  | Entered an ossuary
  5289 | Ossuary  | HP: 4/28 [elf zombie (6)]
  5293 | Ossuary  | Reached skill level 5 in Stealth
  5293 | Ossuary  | Reached skill level 5 in Spellcasting
  5577 | Ossuary  | Reached skill level 2 in Short Blades
  5577 | Ossuary  | Reached skill level 5 in Dodging
  5699 | Ossuary  | Reached XP level 7. HP: 19/32 MP: 9/16
  6289 | Ossuary  | Reached skill level 6 in Spellcasting
  6654 | Ossuary  | Reached skill level 3 in Short Blades
  6654 | Ossuary  | Reached skill level 5 in Earth Magic
  6798 | Ossuary  | Reached skill level 6 in Stealth
  7074 | Ossuary  | Identified 5 scrolls of immolation
  7075 | Ossuary  | Identified 3 scrolls of amnesia
  7076 | Ossuary  | Identified 3 scrolls of enchant armour
  7213 | D:4      | Killed Menkaure
  7213 | D:4      | Reached skill level 6 in Dodging
  7213 | D:4      | Reached XP level 8. HP: 36/36 MP: 8/19
  7613 | D:4      | Identified a +0 leather armour
  7613 | D:4      | Noticed Ijyb
  7693 | D:4      | Killed Edmund
  7693 | D:4      | Reached skill level 7 in Spellcasting
  8102 | D:4      | Killed Duvessa
  8106 | D:4      | Killed Dowan
  8435 | Temple   | Entered the Ecumenical Temple
  8451 | Temple   | Became a worshipper of Gozag Ym Sagoz the Greedy
  8478 | D:5      | Entered Level 5 of the Dungeon
  8480 | D:5      | Reached skill level 7 in Stealth
  8504 | D:5      | Reached skill level 4 in Short Blades
  8504 | D:5      | Reached skill level 6 in Earth Magic
  8633 | D:5      | Identified a +0 giant club
  8814 | D:5      | Reached skill level 7 in Dodging
  8851 | D:5      | Identified a +0 whip
  8851 | D:5      | Identified a +0 club
  8851 | D:5      | Identified a +0 ring mail
  8852 | D:5      | Identified a +0 scythe
  8852 | D:5      | Identified a cursed +0 robe
  8852 | D:5      | Noticed Sigmund
  8895 | D:5      | Identified a +0 club
  8895 | D:5      | Identified a +0 leather armour
  8947 | D:5      | Reached skill level 8 in Spellcasting
  8972 | D:5      | Learned a level 5 spell: Lee's Rapid Deconstruction
  9300 | D:5      | Noticed a blizzard demon
  9301 | D:5      | Found a burning altar of Makhleb.
  9306 | D:5      | Found a glowing silver altar of Zin.
  9306 | D:5      | Identified a +3 whip of holy wrath
  9306 | D:5      | Identified a cursed +0 robe
  9306 | D:5      | Noticed an angel
  9352 | D:5      | Identified a +0 trident
  9352 | D:5      | Identified a +0 leather armour
  9500 | D:5      | Killed Sigmund
  9500 | D:5      | Reached XP level 9. HP: 39/39 MP: 18/22
  9884 | D:6      | Identified a cursed -1 dagger
  9884 | D:6      | Identified a cursed +0 robe
  9885 | D:6      | Identified a +0 mace
  9892 | D:6      | Identified a +0 dagger
  9892 | D:6      | Identified a +0 leather armour
  9893 | D:6      | Identified a +0 dagger
  9893 | D:6      | Identified a +0 robe
  9958 | D:6      | Found a shimmering blue altar of Sif Muna.
 10129 | D:6      | Found a snail-covered altar of Cheibriados.
 10140 | D:6      | Found an ornate altar of the Wu Jian Council.
 10536 | D:7      | Reached skill level 8 in Stealth
 10819 | D:7      | Reached skill level 5 in Short Blades
 10974 | D:7      | Reached skill level 9 in Spellcasting
 10974 | D:7      | Reached skill level 7 in Earth Magic
 10976 | D:7      | Found a basalt altar of Yredelemnul.
 11058 | D:7      | Identified a +1 whip of flaming
 11058 | D:7      | Identified a +0 robe
 11058 | D:7      | Noticed Pikel
 11079 | D:7      | Killed Pikel
 11079 | D:7      | Reached skill level 8 in Dodging
 11273 | D:7      | Found a radiant altar of Vehumet.
 11332 | D:7      | Found an ancient bone altar of Kikubaaqudgha.
 11543 | D:7      | Identified a +0 dagger
 11543 | D:7      | Identified a +0 robe
 11545 | D:7      | Reached skill level 9 in Stealth
 11722 | D:8      | Reached XP level 10. HP: 44/44 MP: 24/24
 11728 | D:8      | Learned a level 4 spell: Petrify
 11764 | D:8      | Identified a +0 giant club
 11931 | D:8      | Identified a +2 vorpal shortbow
 12140 | D:8      | Identified a +0 shortbow
 12149 | D:8      | Reached skill level 10 in Spellcasting
 12166 | D:8      | Identified a cursed -2 whip
 12166 | D:8      | Identified a +0 leather armour
 12229 | D:8      | Identified a +0 leather armour
 12230 | D:8      | Identified a +0 falchion
 12230 | D:8      | Identified a +0 leather armour
 12231 | D:8      | Identified a +0 dagger
 12353 | D:8      | Identified 7 scrolls of identify
 12353 | D:8      | Identified an amulet of inaccuracy (You found it on level 8
                  | of the Dungeon)
 12356 | D:8      | Identified a ring of resist corrosion (You found it on
                  | level 8 of the Dungeon)
 12460 | D:8      | Learned a level 3 spell: Summon Guardian Golem
 12545 | D:8      | Identified a +0 dagger
 12545 | D:8      | Identified a +0 robe
 12545 | D:8      | Identified a +0 dagger
 12545 | D:8      | Identified a +0 short sword
 13015 | D:9      | Identified a +0 dagger
 13015 | D:9      | Identified a +0 robe
 13018 | D:9      | Identified a +0 flail of protection
 13018 | D:9      | Identified a +0 leather armour
 13024 | D:9      | Identified a +3 dagger
 13024 | D:9      | Identified a +0 robe
 13079 | D:9      | Reached skill level 6 in Short Blades
 13085 | D:9      | Reached skill level 1 in Hexes
 13125 | D:9      | Identified a +1 dagger of distortion
 13125 | D:9      | Identified a +0 robe
 13125 | D:9      | Noticed Psyche
 13356 | D:9      | Identified a +0 short sword
 13356 | D:9      | Identified a +0 leather armour
 13359 | D:9      | Killed Psyche
 13359 | D:9      | Reached skill level 8 in Earth Magic
 13427 | D:9      | Reached skill level 9 in Dodging
 13595 | D:9      | Identified a +0 shortbow
 13602 | D:9      | Reached skill level 2 in Hexes
 13627 | D:9      | Identified a cursed -3 shortbow
 13853 | D:9      | Found a hazy altar of Hepliaklqana.
 14086 | D:9      | Identified a +0 vampiric short sword (You found it on level
                  | 9 of the Dungeon)
 14087 | D:9      | Identified 4 potions of degeneration
 14089 | D:9      | Identified 4 potions of haste
 14090 | D:9      | Identified 2 scrolls of fear
 14091 | D:9      | Identified 2 scrolls of magic mapping
 14092 | D:9      | Identified 2 scrolls of noise
 14093 | D:9      | Identified 2 scrolls of teleportation
 14116 | D:10     | Entered Level 10 of the Dungeon
 14236 | D:10     | Identified a scroll of random uselessness
 14255 | D:10     | Reached skill level 3 in Hexes
 14305 | D:10     | Identified a +0 giant club
 14572 | D:10     | Identified a +0 flail
 14572 | D:10     | Identified a +0 ring mail
 14572 | D:10     | Identified a +0 mace
 14573 | D:10     | Identified a +0 hand axe
 14573 | D:10     | Identified a +0 war axe
 14573 | D:10     | Identified a +0 scale mail
 14608 | D:10     | Identified a ring of protection from cold (You found it on
                  | level 10 of the Dungeon)
 14613 | D:10     | Noticed an unseen horror
 14619 | D:10     | Banished an unseen horror
 14619 | D:10     | Reached skill level 10 in Stealth
 14965 | D:10     | Reached skill level 4 in Hexes
 14971 | D:10     | Identified a +0 club
 14971 | D:10     | Identified a +0 leather armour
 14971 | D:10     | Identified a +0 trident
 14971 | D:10     | Identified a +0 dagger
 14971 | D:10     | Identified a +0 robe
 14972 | D:10     | Identified a +0 short sword
 14972 | D:10     | Identified a +0 plate armour
 14975 | D:10     | Identified a +0 dagger
 14975 | D:10     | Identified a +0 robe
 15206 | D:11     | Found a burning altar of Makhleb.
 15213 | D:11     | Found Onorghu Ytaor's Wicked Wares.
 15239 | D:11     | Identified a +0 shortbow of flaming
 15241 | D:11     | Identified a +0 shortbow
 15242 | D:11     | Identified a +0 shortbow
 15267 | D:11     | Reached XP level 11. HP: 27/47 MP: 21/26
 15521 | D:11     | Reached skill level 11 in Spellcasting
 15871 | D:11     | Found a staircase to the Lair.
 16038 | D:11     | Identified a +1 short sword of speed
 16038 | D:11     | Identified a +0 robe
 16044 | D:11     | Identified a cursed -3 shortbow
 16051 | D:11     | Reached skill level 5 in Hexes
 16080 | D:11     | Identified a cursed -2 shortbow
 16081 | D:11     | Identified a +0 shortbow
 16113 | D:11     | Identified a +0 glaive
 16113 | D:11     | Identified a +0 longbow
 16115 | D:11     | Reached skill level 9 in Earth Magic
 16116 | D:11     | Identified a +0 shortbow
 16116 | D:11     | Identified a +0 shortbow
 16116 | D:11     | Identified a +0 shortbow
 16122 | D:11     | HP: 8/47 [centaur/iceblast (10)]
 16123 | D:11     | Identified a +0 shortbow
 16129 | D:11     | HP: 7/47 [centaur/arrow (2)]
 16130 | D:11     | HP: 2/47 [centaur (5)]
 16131 | D:11     | Identified 2 potions of flight
 16570 | D:11     | Identified a +0 giant club
 16570 | D:11     | Noticed a catoblepas
 16656 | D:11     | Bought the amulet "Melawoofi" {Acrobat Slay+3} for 744 gold
                  | pieces
 16664 | D:11     | Noticed a great orb of eyes
 16694 | D:11     | Banished a great orb of eyes
 16694 | D:11     | Reached skill level 7 in Short Blades
 16694 | D:11     | Reached skill level 10 in Dodging
 16705 | D:11     | Identified a +0 giant club
 16705 | D:11     | Identified a +0 giant spiked club
 16705 | D:11     | Noticed a two-headed ogre
 16967 | D:11     | Identified a +0 giant spiked club
 16975 | D:11     | Killed a two-headed ogre
 17009 | D:11     | Identified a +0 longbow
 17009 | D:11     | Noticed a centaur warrior
 17017 | D:11     | HP: 9/47 [centaur warrior (8)]
 17024 | D:11     | Killed a centaur warrior
 17024 | D:11     | Reached skill level 11 in Stealth
 17024 | D:11     | Reached skill level 6 in Hexes
 17412 | D:11     | Identified a +0 giant club
 17412 | D:11     | Identified a +0 giant spiked club
 17412 | D:11     | Noticed a two-headed ogre
 17421 | D:11     | Killed a two-headed ogre
 17427 | D:11     | Identified a +0 giant club
 17427 | D:11     | Identified a cursed -3 giant club
 17427 | D:11     | Noticed a two-headed ogre
 17507 | D:11     | Killed a two-headed ogre
 17707 | D:11     | Reached skill level 12 in Spellcasting
 18077 | D:11     | Banished a catoblepas
 18077 | D:11     | Reached skill level 7 in Hexes
 18077 | D:11     | Reached XP level 12. HP: 28/51 MP: 29/29
 18337 | Lair:1   | Entered Level 1 of the Lair of Beasts
 18355 | Lair:1   | Got a shadowed robe
 18367 | Lair:1   | Identified the +1 robe of Oblivion {Int-5 Slay+5 SInv} (You
                  | found it on level 1 of the Lair of Beasts)
 18547 | D:11     | Identified 2 potions of invisibility
 18548 | D:11     | Identified 2 potions of stabbing
 18551 | D:11     | Identified a scroll of brand weapon
 18552 | D:11     | Identified a scroll of holy word
 18553 | D:11     | Identified a scroll of fog
 19116 | Lair:1   | HP: 3/51 [komodo dragon (34)]
 19409 | Lair:1   | Reached skill level 1 in Evocations
 19922 | Lair:1   | Reached skill level 10 in Earth Magic
 20041 | Lair:1   | Identified an amulet of faith (You found it on level 1 of
                  | the Lair of Beasts)
 20043 | Lair:1   | Identified 2 potions of lignification
 20044 | Lair:1   | Identified a scroll of enchant weapon
 20184 | Lair:2   | Reached skill level 11 in Dodging
 20186 | Lair:2   | Reached skill level 8 in Short Blades
 20186 | Lair:2   | Reached skill level 8 in Hexes
 20419 | Lair:2   | Reached skill level 2 in Evocations
 20500 | Lair:2   | Reached skill level 12 in Stealth
 21096 | Lair:2   | Found a staircase to the Snake Pit.
 21298 | Lair:2   | Reached skill level 3 in Evocations
 21345 | Lair:2   | Noticed a four-headed hydra
 21352 | Lair:2   | Killed a four-headed hydra
 21352 | Lair:2   | Reached skill level 13 in Spellcasting
 21623 | Lair:3   | Reached skill level 9 in Hexes
 22545 | Lair:4   | Identified a +3 trident
 22546 | Lair:4   | Identified a +0 double sword of electrocution
 22546 | Lair:4   | Identified a +0 chain mail
 22546 | Lair:4   | Noticed Urug
 22547 | Lair:4   | Identified a +0 trident
 22571 | Lair:3   | Reached XP level 13. HP: 31/55 MP: 19/31
 22608 | Lair:4   | Identified a ring of flight (You found it on level 3 of the
                  | Lair of Beasts)
 22679 | Lair:4   | Identified a +0 dagger of draining
 22679 | Lair:4   | Noticed Sonja
 22843 | Lair:4   | Found a dark tunnel.
 22851 | Volcano  | Entered a volcano
 23279 | Volcano  | Reached skill level 4 in Evocations
 23333 | Volcano  | Identified a +0 flail
 23355 | Volcano  | Found a bloodstained altar of Trog.
 23930 | Lair:4   | Bought a scroll of acquirement for 780 gold pieces
 23930 | Lair:4   | Bought a scroll of teleportation for 45 gold pieces
 23930 | Lair:4   | Acquired the +5 robe of Night {Dark MR+ SInv}
 23931 | Lair:4   | Found the +5 robe of Night {Dark MR+ SInv}
 24023 | Lair:4   | Killed Urug
 24061 | Lair:4   | Found a staircase to the Shoals.
 24176 | Lair:4   | Identified a +0 spear
 24178 | Lair:4   | Identified a +0 trident
 24594 | Lair:4   | Killed Sonja
 24594 | Lair:4   | Reached skill level 10 in Hexes
 24594 | Lair:4   | Reached skill level 5 in Evocations
 24693 | Lair:4   | Reached skill level 12 in Dodging
 24693 | Lair:4   | Reached skill level 11 in Earth Magic
 24814 | Lair:4   | Learned a level 4 spell: Fulminant Prism
 25092 | Lair:5   | Found a frozen archway.
 25098 | Lair:5   | Reached skill level 9 in Short Blades
 25361 | Lair:5   | Got a pitted rapier
 25362 | Lair:5   | Identified the +1 rapier of Wisdom {flame, Int+3} (You
                  | found it on level 5 of the Lair of Beasts)
 25369 | Lair:5   | Found a staircase to the Slime Pits.
 25387 | Lair:5   | Reached skill level 13 in Stealth
 25678 | Lair:5   | Noticed Kirke
 25685 | Lair:5   | Killed Kirke
 25806 | Lair:5   | Reached skill level 14 in Spellcasting
 26445 | Lair:5   | Identified a +0 dagger
 26445 | Lair:5   | Identified a +0 robe
 26786 | Lair:6   | Entered Level 6 of the Lair of Beasts
 27064 | Lair:6   | Reached XP level 14. HP: 57/60 MP: 5/33
 27316 | Lair:6   | Reached skill level 1 in Fighting
 27538 | Lair:6   | Reached skill level 6 in Evocations
 27985 | Lair:6   | Reached skill level 11 in Hexes
 28476 | Lair:6   | Reached skill level 2 in Fighting
 29574 | Lair:6   | Identified 3 potions of magic
 29786 | Lair:6   | Identified a ring of dexterity (You found it on level 6 of
                  | the Lair of Beasts)
 30088 | D:12     | Identified a +0 shortbow
 30090 | D:12     | Identified a +0 shortbow
 30093 | D:12     | Identified a +0 shortbow
 30094 | D:12     | Identified a +0 shortbow
 30095 | D:12     | Identified a +0 shortbow
 30110 | D:12     | Identified a +0 dire flail
 30241 | D:12     | Identified a +0 long sword
 30382 | D:12     | Found Geriorph's Armour Emporium.
 30382 | D:12     | Found a staircase to the Orcish Mines.
 30382 | D:12     | Identified a +0 dagger
 30382 | D:12     | Identified a +0 short sword
 30382 | D:12     | Identified a +0 great sword
 30382 | D:12     | Identified a +0 robe
 30382 | D:12     | Identified a cursed +3 dire flail
 30382 | D:12     | Identified a +0 robe
 30382 | D:12     | Identified a +0 shortbow
 30619 | D:12     | Identified a +0 giant club
 30620 | D:12     | Identified a +0 shortbow
 30669 | D:12     | Identified a +0 short sword
 30669 | D:12     | Identified a +2 cloak
 30669 | D:12     | Noticed Maurice
 30674 | D:12     | Killed Maurice
 30971 | D:12     | Noticed Snorg
 30988 | D:12     | Killed Snorg
 30988 | D:12     | Reached skill level 3 in Fighting
 31068 | D:12     | Identified a +0 leather armour
 31231 | D:12     | Identified a +0 giant club
 31231 | D:12     | Identified a +0 robe
 31231 | D:12     | Noticed Erolcha
 31258 | D:12     | Banished Erolcha
 31364 | D:12     | Identified a +3 mace
 31364 | D:12     | Identified a cursed -2 robe
 31367 | D:12     | Identified a +0 short sword
 31367 | D:12     | Identified a +0 robe
 31382 | D:12     | Identified a +0 leather armour
 31383 | D:12     | Found Qosmudd's Weapon Emporium.
 31384 | D:12     | Identified a +0 short sword
 31386 | D:12     | Identified a +0 long sword
 31386 | D:12     | Identified a cursed +0 robe
 31393 | D:12     | Identified a +0 great mace
 31393 | D:12     | Identified a +0 chain mail
 31394 | D:12     | Identified a +0 club
 31400 | D:12     | Identified a +0 scimitar
 31438 | D:12     | Identified a +0 flail
 31438 | D:12     | Identified a +0 leather armour
 31692 | D:12     | Reached skill level 7 in Evocations
 32229 | Orc:1    | Entered Level 1 of the Orcish Mines
 32229 | Orc:1    | Identified a +1 glaive of venom
 32229 | Orc:1    | Identified a +0 plate armour
 32229 | Orc:1    | Identified a +0 dagger
 32229 | Orc:1    | Identified a +0 robe
 32229 | Orc:1    | Identified a +0 trident
 32229 | Orc:1    | Identified a +0 dagger
 32229 | Orc:1    | Identified a +0 robe
 32229 | Orc:1    | Identified a +0 giant spiked club
 32231 | Orc:1    | Identified a +0 glaive
 32231 | Orc:1    | Identified a +0 plate armour
 32232 | Orc:1    | Identified a +0 giant spiked club
 32232 | Orc:1    | Identified a +0 club
 32232 | Orc:1    | Identified a +0 ring mail
 32233 | Orc:1    | Identified a +0 long sword
 32233 | Orc:1    | Identified a +0 plate armour
 32234 | Orc:1    | Identified a +0 halberd
 32234 | Orc:1    | Identified a +0 chain mail
 32235 | Orc:1    | Identified a +0 club
 32235 | Orc:1    | Identified a +0 leather armour
 32347 | Orc:1    | Identified a +0 giant club
 32347 | Orc:1    | Identified a +0 dagger
 32348 | Orc:1    | Identified a +0 mace
 32348 | Orc:1    | Identified a +0 plate armour
 32426 | Orc:1    | Identified a +0 short sword
 32903 | Orc:1    | Identified a +0 dagger
 32903 | Orc:1    | Identified a +0 robe
 32922 | Orc:1    | Identified a +0 dagger
 32922 | Orc:1    | Identified a +0 leather armour
 32925 | Orc:1    | Identified a cursed -2 dagger
 32925 | Orc:1    | Identified a +0 robe
 32949 | Orc:1    | Identified a +0 club
 32949 | Orc:1    | Identified a +0 ring mail
 32951 | Orc:1    | Identified a +0 dagger
 32951 | Orc:1    | Identified a +0 robe
 32969 | Orc:1    | Reached skill level 13 in Dodging
 32972 | Orc:1    | Identified a +0 glaive
 32972 | Orc:1    | Identified a +0 plate armour
 32975 | Orc:1    | Identified a +0 dagger
 32975 | Orc:1    | Identified a +0 robe
 32976 | Orc:1    | Identified a +0 dagger
 32976 | Orc:1    | Identified a +0 robe
 32977 | Orc:1    | Reached skill level 15 in Spellcasting
 32978 | Orc:1    | Identified a +0 war axe
 33324 | Orc:2    | Entered Level 2 of the Orcish Mines
 33338 | Orc:2    | Reached skill level 12 in Earth Magic
 33359 | Orc:2    | Identified a +0 dagger
 33359 | Orc:2    | Identified a +2 robe of magic resistance
 33360 | Orc:2    | Identified a +0 battleaxe
 33360 | Orc:2    | Identified a +0 plate armour
 33360 | Orc:2    | Identified a +0 hand axe
 33360 | Orc:2    | Identified a +0 plate armour
 33412 | Orc:2    | Identified a +0 halberd
 33412 | Orc:2    | Identified a +0 chain mail
 33412 | Orc:2    | Identified a +0 dire flail
 33412 | Orc:2    | Identified a +0 chain mail
 33419 | Orc:2    | Identified a +0 war axe
 33421 | Orc:2    | Identified a +0 halberd
 33421 | Orc:2    | Identified a +0 ring mail
 33422 | Orc:2    | Identified a +0 flail
 33422 | Orc:2    | Identified a +0 plate armour
 33566 | Orc:2    | Identified a +0 dire flail
 33566 | Orc:2    | Identified a +0 chain mail
 33570 | Orc:2    | Identified a +0 glaive
 33570 | Orc:2    | Identified a +0 chain mail
 33574 | Orc:2    | Identified a +2 vorpal war axe
 33574 | Orc:2    | Identified a cursed +0 chain mail
 33703 | Orc:2    | Identified a +0 hand axe
 33703 | Orc:2    | Identified a +0 chain mail
 33732 | Orc:2    | Identified a +0 scimitar
 33732 | Orc:2    | Identified a +0 chain mail
 33830 | Orc:2    | Identified a +0 dagger
 33830 | Orc:2    | Identified a +0 robe
 33838 | Orc:2    | Identified a +0 giant spiked club
 33841 | Orc:2    | Found Kieful's Jewellery Shoppe.
 33852 | Orc:2    | Bought a +6 ring of intelligence for 819 gold pieces
 33885 | Orc:2    | Identified a +0 battleaxe
 33885 | Orc:2    | Identified a +0 ring mail
 33890 | Orc:2    | Reached skill level 10 in Short Blades
 33890 | Orc:2    | Reached skill level 14 in Stealth
 33890 | Orc:2    | Reached XP level 15. HP: 70/70 MP: 25/35
 33939 | Orc:2    | Identified a +0 battleaxe
 33939 | Orc:2    | Identified a +0 plate armour
 33942 | Orc:2    | Identified a +0 chain mail
 33943 | Orc:2    | Identified a +1 mace of protection
 33943 | Orc:2    | Identified a +0 leather armour
 33943 | Orc:2    | Identified a +0 dagger
 33943 | Orc:2    | Identified a +0 robe
 33967 | Orc:2    | Found Etutokyh's General Store.
 33991 | Orc:2    | Bought a potion of cancellation for 120 gold pieces
 34042 | Orc:2    | Identified a +3 great mace
 34042 | Orc:2    | Identified a cursed -1 chain mail
 34048 | Orc:2    | Identified a +0 club
 34050 | Orc:2    | Identified a +0 hand axe
 34050 | Orc:2    | Identified a +0 ring mail
 34051 | Orc:2    | Identified a +0 dagger
 34051 | Orc:2    | Identified a +0 scale mail
 34053 | Orc:2    | Identified a +0 dagger
 34053 | Orc:2    | Identified a +0 robe
 34053 | Orc:2    | Identified a +0 war axe
 34053 | Orc:2    | Identified a +0 plate armour
 34053 | Orc:2    | Identified a +0 hand axe
 34053 | Orc:2    | Identified a +0 leather armour
 34096 | Orc:2    | Identified a +0 falchion
 34099 | Orc:2    | Identified a +0 flail
 34099 | Orc:2    | Identified a +0 chain mail
 34102 | Orc:2    | Identified a +0 short sword
 34102 | Orc:2    | Identified a +0 plate armour
 34137 | Orc:2    | Identified a +0 great mace
 34137 | Orc:2    | Identified a +0 chain mail
 34141 | Orc:2    | Identified a +1 flail of venom
 34141 | Orc:2    | Identified a +0 plate armour
 34141 | Orc:2    | Identified a +0 dagger
 34142 | Orc:2    | Identified a +0 hand axe
 34147 | Orc:2    | Identified a +0 club
 34159 | Orc:2    | Found a staircase to the Elven Halls.
 34234 | Orc:2    | Identified a +1 battleaxe of freezing
 34234 | Orc:2    | Identified a +0 plate armour
 34237 | Orc:2    | Identified a +0 short sword
 34237 | Orc:2    | Identified a +0 plate armour
 34240 | Orc:2    | Reached skill level 12 in Hexes
 34321 | Orc:2    | Identified a +0 war axe
 34321 | Orc:2    | Identified a +0 leather armour
 34366 | Orc:2    | Found Fiontoij's Antique Weapon Shoppe.
 34549 | Orc:1    | Identified a +0 giant club
 34646 | Orc:2    | Found Unwaa's Antique Armour Shoppe.
 34646 | Orc:2    | Identified a +0 war axe
 34646 | Orc:2    | Identified a +0 chain mail
 34647 | Orc:2    | Identified a +3 battleaxe
 34647 | Orc:2    | Identified a +0 chain mail
 34647 | Orc:2    | Noticed an orc warlord
 34648 | Orc:2    | Identified a +0 trident
 34648 | Orc:2    | Identified a +0 plate armour
 34648 | Orc:2    | Identified a +0 scimitar
 34648 | Orc:2    | Identified a +0 chain mail
 34669 | Orc:2    | Banished an orc warlord
 34669 | Orc:2    | Reached skill level 4 in Fighting
 34930 | D:13     | Identified a +0 flail
 35166 | D:13     | Reached skill level 1 in Summonings
 35194 | D:13     | Learned a level 3 spell: Call Canine Familiar
 35238 | D:13     | Found an opulent altar of Gozag.
 35527 | D:13     | Identified a +5 mace
 35527 | D:13     | Identified a +0 robe
 35528 | D:13     | Identified a +0 great sword
 35528 | D:13     | Identified a +0 robe
 35530 | D:13     | Identified a cursed +1 spear
 35530 | D:13     | Identified a +0 robe
 35540 | D:13     | Identified a +3 war axe
 35540 | D:13     | Identified a cursed +0 robe
 35722 | D:13     | Identified a +0 dagger
 35722 | D:13     | Identified a +0 robe
 35722 | D:13     | Identified a cursed +0 club
 35722 | D:13     | Identified a +0 leather armour
 35724 | D:13     | Identified a +0 whip
 35724 | D:13     | Identified a +0 trident
 35724 | D:13     | Identified a +0 leather armour
 35725 | D:13     | Identified a cursed -1 club
 35852 | D:13     | Identified a +0 whip
 35853 | D:13     | Identified a +0 dagger
 35853 | D:13     | Identified a +0 robe
 35853 | D:13     | Identified a +0 short sword
 35853 | D:13     | Identified a +0 short sword
 35853 | D:13     | Identified a +0 short sword
 35855 | D:13     | Identified a +0 dagger
 35950 | D:13     | Identified a scarf of invisibility (You found it on level
                  | 13 of the Dungeon)
 36136 | D:13     | Identified a +2 longbow of freezing
 36248 | D:13     | Identified a +0 trident
 36250 | D:13     | Identified a +0 mace
 36250 | D:13     | Identified a +0 chain mail
 36263 | D:13     | Identified a +0 dagger
 36263 | D:13     | Identified a +0 robe
 36267 | D:13     | Identified a +0 dagger
 36267 | D:13     | Identified a +0 robe
 36398 | D:13     | Identified a potion of resistance
 36399 | D:13     | Identified 3 potions of heal wounds
 36400 | D:13     | Identified a potion of berserk rage
 36401 | D:13     | Identified a potion of mutation
 36624 | D:14     | Identified a +2 dagger of venom
 36624 | D:14     | Identified a +0 robe
 36668 | D:14     | Identified a +0 dagger
 36668 | D:14     | Identified a +0 robe
 36669 | D:14     | Reached skill level 2 in Summonings
 36671 | D:14     | Identified a +0 club
 36672 | D:14     | Identified a +2 war axe of freezing
 36672 | D:14     | Identified a +0 robe
 36679 | D:14     | Identified a +0 mace
 36679 | D:14     | Identified a +0 robe
 36681 | D:14     | Identified a cursed +0 morningstar
 36681 | D:14     | Identified a +0 robe
 36710 | D:14     | Identified a +0 great sword
 36710 | D:14     | Identified a +0 robe
 36720 | D:14     | Identified a +5 great sword
 36720 | D:14     | Identified a +0 robe
 36802 | D:14     | Identified a cursed -3 dagger
 36802 | D:14     | Identified a +0 arbalest
 36802 | D:14     | Identified a +0 scale mail
 36803 | D:14     | Identified a +0 great mace
 36803 | D:14     | Identified a +0 chain mail
 36807 | D:14     | Identified a +0 whip
 36934 | D:14     | Identified a +0 whip
 36934 | D:14     | Identified a +0 robe
 37061 | D:14     | Identified a ring of protection (You found it on level 14
                  | of the Dungeon)
 37097 | D:14     | Identified a +0 dagger
 37097 | D:14     | Identified a +0 arbalest
 37097 | D:14     | Identified a +0 ring mail
 37099 | D:14     | Identified a +0 dire flail
 37099 | D:14     | Identified a +0 chain mail
 37107 | D:14     | Identified a +0 dire flail
 37107 | D:14     | Identified a +0 giant spiked club
 37130 | D:14     | Identified a +0 arbalest
 37130 | D:14     | Identified a +0 short sword
 37130 | D:14     | Identified a +0 ring mail
 37526 | D:14     | Identified a +0 battleaxe
 37526 | D:14     | Identified a +0 plate armour
 37529 | D:14     | Identified a +2 bardiche of venom
 37529 | D:14     | Identified a cursed +0 chain mail
 37690 | D:14     | Identified a +3 war axe
 37690 | D:14     | Identified a +0 chain mail
 37711 | D:14     | Reached skill level 8 in Evocations
 37825 | D:14     | Found a gate to the Vaults.
 37988 | D:15     | Entered Level 15 of the Dungeon
 38000 | D:15     | Identified a +0 long sword
 38007 | D:15     | Identified a +0 long sword
 38007 | D:15     | Identified a +0 chain mail
 38007 | D:15     | Identified a +0 chain mail
 38011 | D:15     | Identified a +0 dagger
 38011 | D:15     | Identified a +0 robe
 38015 | D:15     | Identified a +0 whip
 38092 | D:15     | Reached skill level 3 in Summonings
 38127 | D:15     | Identified a +0 dagger
 38127 | D:15     | Identified a +0 robe
 38128 | D:15     | Identified a +0 mace
 38142 | D:15     | Identified a +0 dagger
 38142 | D:15     | Identified a +0 robe
 38149 | D:15     | Identified a +0 dagger
 38167 | D:15     | Identified a +0 hand crossbow
 38169 | D:15     | Identified a +0 morningstar
 38169 | D:15     | Identified a +0 ring mail
 38175 | D:15     | Identified a +0 short sword
 38175 | D:15     | Identified a +0 scale mail
 38203 | D:15     | Identified a +0 dagger
 38228 | D:15     | Identified a +0 whip
 38228 | D:15     | Identified a +0 robe
 38332 | D:15     | Identified a +0 battleaxe of freezing
 38332 | D:15     | Noticed a frost giant
 38332 | D:15     | Identified a cursed +0 hand axe
 38332 | D:15     | Identified a +0 leather armour
 38333 | D:15     | Identified a +0 arbalest
 38333 | D:15     | Identified a +0 shortbow
 38333 | D:15     | Identified a +0 longbow
 38357 | D:15     | HP: 15/70 [meliai/divine providence (10)]
 38673 | D:15     | Identified a +2 scimitar of flaming
 38920 | D:15     | Identified a +0 long sword
 38920 | D:15     | Identified a +0 chain mail
 38920 | D:15     | Identified a +2 mace of holy wrath
 38920 | D:15     | Identified a +0 short sword
 38921 | D:15     | Identified a +0 dagger
 38921 | D:15     | Identified a +0 giant spiked club
 39082 | D:15     | Identified a +0 giant spiked club
 39083 | D:15     | Identified a +0 giant spiked club
 39083 | D:15     | Identified a +0 dire flail
 39085 | D:15     | Identified a +0 spear
 39085 | D:15     | Identified a +0 robe
 39085 | D:15     | Identified a +0 giant spiked club
 39085 | D:15     | Identified a +0 giant club
 39085 | D:15     | Identified a +0 giant club
 39085 | D:15     | Identified a +0 giant club
 39088 | D:15     | Identified a +0 giant club
 39088 | D:15     | Identified a +0 giant spiked club
 39090 | D:15     | Identified a +0 giant club
 39090 | D:15     | Identified a +0 giant club
 39232 | D:15     | Identified a +0 giant club
 39232 | D:15     | Identified a +0 giant spiked club
 39449 | D:14     | HP: 6/71 [frost giant/bolt of cold (33)]
 39453 | D:14     | Killed a frost giant
 39791 | D:15     | Identified a +0 dagger
 39791 | D:15     | Identified a +0 ring mail
 39793 | D:15     | Identified a +0 mace
 39796 | D:15     | Identified a +0 short sword
 39796 | D:15     | Identified a +0 robe
 39797 | D:15     | Identified a +0 hand axe
 39797 | D:15     | Identified a +0 chain mail
 39797 | D:15     | Identified a +0 short sword
 39801 | D:15     | Identified a +0 halberd
 39866 | D:15     | Identified a +0 long sword
 39866 | D:15     | Identified a +0 leather armour
 39904 | D:15     | Reached skill level 4 in Summonings
 39993 | D:15     | Noticed Roxanne
 40010 | D:15     | Banished Roxanne
 40010 | D:15     | Reached skill level 5 in Fighting
 40023 | D:15     | Identified a +0 dagger
 40180 | D:15     | Identified a +0 flail
 40180 | D:15     | Identified a +0 robe
 40316 | D:15     | Found a runed translucent door.
 40317 | D:15     | Noticed MonzzCrawl's ghost (journeyman DsGl)
 40319 | D:15     | Identified a cursed +0 shortbow
 40342 | D:15     | Identified a +0 spear
 40342 | D:15     | Identified a +0 robe
 40540 | D:15     | Identified a +0 spear
 40541 | D:15     | Identified a +0 dire flail
 40541 | D:15     | Identified a cursed +0 giant spiked club
 40542 | D:15     | Found a staircase to the Depths.
 40542 | D:15     | Identified a +0 spear
 40542 | D:15     | Identified a +0 robe
 40542 | D:15     | Identified a +0 giant spiked club
 40542 | D:15     | Identified a +0 giant spiked club
 40542 | D:15     | Identified a +0 giant club
 40542 | D:15     | Identified a +0 dire flail
 40542 | D:15     | Identified a +0 giant club
 40544 | D:15     | Identified a +0 giant club
 40544 | D:15     | Identified a +0 giant spiked club
 40545 | D:15     | Identified a +0 giant spiked club
 40545 | D:15     | Identified a +0 giant club
 40545 | D:15     | Reached skill level 14 in Dodging
 40545 | D:15     | Identified a +0 giant spiked club
 40550 | D:15     | Reached XP level 16. HP: 76/76 MP: 21/36
 40560 | D:15     | Reached skill level 15 in Stealth
 40733 | D:15     | Paralysed by a hornet for 3 turns
 40928 | D:15     | Found a burning altar of Makhleb.
 41162 | D:15     | Identified a +0 hat (You found it on level 15 of the
                  | Dungeon)
 41173 | D:15     | Reached skill level 9 in Evocations
 41173 | D:15     | Killed MonzzCrawl's ghost
 41243 | D:15     | Identified Sif Muna's Reference Book on Battle Magic and
                  | Boosts
 41257 | D:15     | Identified a ring of teleportation (You found it on level
                  | 15 of the Dungeon)
 41287 | D:15     | Bought the amulet of the Four Winds {rN+ MR+++ Clar} for
                  | 526 gold pieces
 41287 | D:15     | Found the amulet of the Four Winds {rN+ MR+++ Clar}
 41287 | D:15     | Bought the ring of Xiofom {*Drain EV+4 Int+8 Dex+5} for 776
                  | gold pieces
 41448 | Elf:1    | Entered Level 1 of the Elven Halls
 41448 | Elf:1    | Identified a +0 long sword
 41448 | Elf:1    | Identified a +0 shortbow
 41448 | Elf:1    | Identified a +0 long sword
 41448 | Elf:1    | Identified a +0 rapier
 41448 | Elf:1    | Identified a +0 rapier
 41448 | Elf:1    | Identified a +0 leather armour
 41451 | Elf:1    | Identified a +0 short sword
 41454 | Elf:1    | Identified a -3 dagger
 41454 | Elf:1    | Identified a +0 longbow
 41454 | Elf:1    | Identified a +0 leather armour
 41466 | Orc:2    | Learned a level 7 spell: Ring of Flames
 41469 | Elf:1    | Identified a +2 rapier of venom
 41469 | Elf:1    | Identified a +0 leather armour
 41478 | Elf:1    | Reached skill level 1 in Charms
 41642 | Elf:1    | Identified a +0 long sword
 41642 | Elf:1    | Noticed a deep elf sorcerer
 41651 | Elf:1    | Killed a deep elf sorcerer
 41703 | Elf:1    | Identified a +0 long sword
 41737 | Elf:1    | Identified a +2 short sword of venom
 41743 | Elf:1    | Reached skill level 2 in Charms
 41761 | Elf:1    | Identified a +0 dagger
 41790 | Elf:1    | Identified a +0 short sword
 41790 | Elf:1    | Identified a +0 shortbow
 41790 | Elf:1    | Identified a +0 scale mail
 41790 | Elf:1    | Identified a +0 dagger
 41791 | Elf:1    | Identified a +0 long sword
 41793 | Elf:1    | Identified a +0 long sword
 41793 | Elf:1    | Identified a +0 dagger
 41816 | Elf:1    | Reached skill level 3 in Charms
 41964 | Elf:1    | Identified a +0 dagger
 41964 | Elf:1    | Identified a +0 longbow
 41964 | Elf:1    | Identified a +0 leather armour
 41990 | Elf:1    | Identified a +0 rapier
 41990 | Elf:1    | Identified a +0 scale mail
 42009 | Elf:1    | Identified a +4 lajatang of speed
 42009 | Elf:1    | Identified a cursed +0 robe
 42009 | Elf:1    | Noticed Agnes
 42011 | Elf:1    | Killed Agnes
 42083 | Elf:1    | Identified a +0 short sword
 42083 | Elf:1    | Identified a +0 leather armour
 42125 | Elf:1    | Reached skill level 4 in Charms
 42128 | Elf:1    | Identified a +0 long sword
 42128 | Elf:1    | Identified a +0 leather armour
 42214 | Elf:1    | Identified a +0 long sword
 42214 | Elf:1    | Identified a +0 leather armour
 42214 | Elf:1    | Identified a +0 buckler
 42314 | Elf:1    | Identified a +0 rapier
 42314 | Elf:1    | Identified a +0 scale mail
 42314 | Elf:1    | Identified a +0 short sword
 42316 | Elf:1    | Identified a cursed -1 long sword
 42316 | Elf:1    | Noticed a deep elf sorcerer
 42316 | Elf:1    | Identified a +0 dagger
 42317 | Elf:1    | Identified a +0 long sword
 42342 | Elf:1    | Identified a +0 long sword
 42342 | Elf:1    | Identified a +0 ring mail
 42481 | Elf:1    | Identified a +0 rapier
 42527 | Elf:1    | Identified a cursed -2 short sword
 42527 | Elf:1    | Identified a +0 leather armour
 42536 | Elf:1    | Killed a deep elf sorcerer
 42544 | Elf:1    | Identified a +0 long sword
 42547 | Elf:1    | Identified a +0 short sword
 42547 | Elf:1    | Identified a +0 longbow
 42547 | Elf:1    | Identified a +0 leather armour
 42549 | Elf:1    | Reached skill level 5 in Charms
 42558 | Elf:1    | Identified a +0 scimitar
 42619 | Elf:1    | Identified a +0 dagger of venom
 42619 | Elf:1    | Identified a +0 shortbow
 42619 | Elf:1    | Identified a +0 leather armour
 42713 | Elf:1    | Identified a +0 rapier
 42713 | Elf:1    | Identified a +0 ring mail
 42772 | Elf:1    | Identified a +0 dagger
 42861 | Elf:1    | Identified a +0 long sword
 42957 | Elf:1    | Identified the Almanac of Creative Conjuration
 43106 | Elf:1    | Found Fonup's Antique Armour Emporium.
 43299 | Elf:2    | Identified a +0 long sword
 43299 | Elf:2    | Identified a +0 leather armour
 43301 | Elf:2    | Identified a +0 long sword
 43301 | Elf:2    | Identified a +0 ring mail
 43302 | Elf:2    | Reached skill level 16 in Spellcasting
 43354 | Elf:2    | Identified a +0 long sword of holy wrath
 43354 | Elf:2    | Noticed a deep elf demonologist
 43355 | Elf:2    | Identified a +0 long sword
 43355 | Elf:2    | Identified a +0 leather armour
 43356 | Elf:2    | Killed a deep elf demonologist
 43356 | Elf:2    | Reached skill level 6 in Charms
 43356 | Elf:2    | Identified a +0 dagger
 43356 | Elf:2    | Identified a +0 ring mail
 43356 | Elf:2    | Identified a +0 long sword
 43356 | Elf:2    | Identified a +0 leather armour
 43358 | Elf:2    | Identified a +0 flail of protection
 43358 | Elf:2    | Identified a cursed -2 short sword
 43360 | Elf:2    | Identified a +2 dagger of venom
 43360 | Elf:2    | Identified a +0 leather armour
 43362 | Elf:2    | Identified a +0 short sword
 43524 | Elf:2    | Identified a +0 long sword
 43524 | Elf:2    | Identified a +0 dagger
 43524 | Elf:2    | Identified a +0 shortbow
 43524 | Elf:2    | Identified a +0 leather armour
 43526 | Elf:2    | Identified a +0 short sword
 43526 | Elf:2    | Identified a +0 leather armour
 43836 | Elf:2    | Identified a +0 long sword
 43836 | Elf:2    | Identified a +0 leather armour
 43836 | Elf:2    | Identified a +0 dagger
 43836 | Elf:2    | Identified a cursed -1 rapier
 43836 | Elf:2    | Identified a +0 leather armour
 44118 | Elf:1    | Identified a +0 buckler (You found it on level 1 of the
                  | Elven Halls)
 44836 | Elf:1    | Reached skill level 10 in Evocations
 45258 | Elf:1    | Found Fonup's Antique Armour Emporium.
 45423 | Elf:2    | Found Ossonaru's Gadget Shop.
 45433 | Elf:2    | Bought a wand of acid (8) for 360 gold pieces
 45455 | Elf:2    | Found Gaepadol's Distillery.
 45459 | Elf:2    | Bought a potion of heal wounds for 75 gold pieces
 45459 | Elf:2    | Bought 2 potions of magic for 240 gold pieces
 45459 | Elf:2    | Bought a potion of resistance for 150 gold pieces
 45475 | Elf:2    | Found Sauzxoh's Antique Armour Emporium.
 45475 | Elf:2    | Identified a +0 short sword
 45475 | Elf:2    | Identified a +0 short sword
 45475 | Elf:2    | Identified a +0 longbow
 45475 | Elf:2    | Identified a +0 leather armour
 45475 | Elf:2    | Identified a +0 dagger
 45475 | Elf:2    | Identified a +0 leather armour
 45475 | Elf:2    | Identified a +0 short sword
 45475 | Elf:2    | Identified a +0 leather armour
 45475 | Elf:2    | Identified a +0 long sword
 45475 | Elf:2    | Identified a +0 leather armour
 45475 | Elf:2    | Noticed a deep elf sorcerer
 45511 | Elf:2    | Reached skill level 6 in Fighting
 45521 | Elf:2    | Banished a deep elf sorcerer
 45532 | Elf:2    | HP: 7/77 [deep elf knight/shard of ice (37)]
 45542 | Elf:2    | Reached skill level 1 in Shields
 45925 | Elf:2    | Found Plog's Gadget Shop.
 45934 | Elf:2    | Identified a +0 rapier
 45934 | Elf:2    | Identified a +0 leather armour
 45941 | Elf:2    | Identified a +0 dagger
 45941 | Elf:2    | Identified a +0 chain mail
 45941 | Elf:2    | Identified a +0 dagger
 45941 | Elf:2    | Identified a +0 shortbow
 45941 | Elf:2    | Identified a +0 leather armour
 45941 | Elf:2    | Identified a +0 long sword
 45951 | Elf:2    | Reached skill level 7 in Charms
 46050 | Elf:2    | Identified a +0 rapier
 46051 | Elf:2    | Identified a -1 dagger
 46051 | Elf:2    | Identified a +0 shortbow
 46051 | Elf:2    | Identified a +0 leather armour
 46053 | Elf:2    | Identified a cursed -1 long sword
 46053 | Elf:2    | Identified a +0 leather armour
 46061 | Elf:2    | Identified a +0 dagger
 46290 | Elf:2    | Identified a +0 short sword
 46290 | Elf:2    | Identified a +0 ring mail of poison resistance
 46295 | Elf:2    | Identified a +0 long sword
 46522 | Elf:2    | Reached skill level 15 in Dodging
 46522 | Elf:2    | Reached skill level 2 in Shields
 46522 | Elf:2    | Reached XP level 17. HP: 39/81 MP: 19/38
 46524 | Elf:2    | Reached skill level 16 in Stealth
 46524 | Elf:2    | Identified a +0 dagger
 46524 | Elf:2    | Identified a +0 chain mail
 46525 | Elf:2    | Reached skill level 13 in Earth Magic
 46531 | Elf:2    | HP: 17/81 [five-headed hydra (11)]
 46947 | Elf:2    | Reached skill level 8 in Charms
 46965 | Elf:2    | Identified a +0 dagger
 46968 | Elf:2    | Identified a +0 short sword
 46968 | Elf:2    | Identified a +0 shortbow
 46968 | Elf:2    | Identified a +0 leather armour
 47130 | Elf:2    | Identified a +2 glaive of venom
 47150 | Elf:2    | Identified a +0 dagger
 47235 | Elf:2    | Reached skill level 1 in Fire Magic
 47400 | Elf:2    | Identified a +0 falchion
 47420 | Elf:2    | Found a huge runed translucent gate.
 47420 | Elf:2    | Found a huge runed translucent gate.
 47420 | Elf:2    | Found a huge runed translucent gate.
 47468 | Elf:2    | Found Kytwyich's Antique Weapon Shoppe.
 47614 | Elf:2    | Found a huge runed translucent gate.
 47614 | Elf:2    | Found a huge runed translucent gate.
 47618 | Elf:2    | Identified a +0 war axe of flaming
 47619 | Elf:2    | Identified a +0 long sword
 47619 | Elf:2    | Identified a +0 ring mail
 47623 | Elf:2    | Identified a +1 short sword of venom
 47623 | Elf:2    | Identified a +0 scale mail
 47644 | Elf:2    | Identified a +0 short sword
 47644 | Elf:2    | Identified a +0 ring mail
 47648 | Elf:2    | Identified a +3 glaive of flaming
 47653 | Elf:2    | Identified a +0 scimitar
 47653 | Elf:2    | Identified a +0 leather armour
 47655 | Elf:2    | Identified a +0 glaive of protection
 47686 | Elf:2    | Identified a +5 trident of protection
 47689 | Elf:2    | Identified a +0 short sword
 47689 | Elf:2    | Identified a +0 shortbow
 47689 | Elf:2    | Identified a +0 ring mail
 47689 | Elf:2    | Identified a +2 antimagic eveningstar
 47700 | Elf:2    | Identified a +2 vorpal halberd
 47701 | Elf:2    | Reached skill level 3 in Shields
 47880 | Elf:2    | Identified a +0 short sword
 47901 | Elf:2    | Identified a +4 dire flail of protection
 47954 | Elf:2    | Identified a +0 rapier
 47954 | Elf:2    | Identified a cursed +0 chain mail
 47959 | Elf:2    | Identified a +0 rapier
 47962 | Elf:2    | Identified a +0 long sword
 47962 | Elf:2    | Identified a +0 leather armour
 47990 | Elf:2    | Identified a +0 short sword of freezing
 47992 | Elf:2    | Identified a +0 scimitar of holy wrath
 47997 | Elf:2    | Identified a +3 mace of protection
 48001 | Elf:2    | Reached skill level 2 in Fire Magic
 48001 | Elf:2    | Identified a +4 lajatang of venom
 48234 | Elf:2    | Reached skill level 9 in Charms
 48275 | Elf:2    | Identified a +0 long sword
 48384 | Elf:2    | Identified a +4 battleaxe of draining
 48386 | Elf:2    | Identified a cursed -2 long sword
 48386 | Elf:2    | Identified a +2 ring mail of magic resistance
 48488 | Elf:2    | Identified a +0 scimitar
 48488 | Elf:2    | Identified a +0 leather armour
 48488 | Elf:2    | Identified a +0 buckler
 48769 | Elf:2    | Identified a +1 war axe of flaming
 48850 | Elf:2    | Identified a +2 short sword of venom
 48850 | Elf:2    | Identified a +0 leather armour
 48997 | Elf:3    | Entered Level 3 of the Elven Halls
 48997 | Elf:3    | Identified a +0 long sword
 48997 | Elf:3    | Identified a +0 leather armour
 48998 | Elf:3    | Identified a +0 short sword
 48998 | Elf:3    | Identified a +0 ring mail
 48998 | Elf:3    | Identified a +0 short sword
 48999 | Elf:3    | Identified a +0 long sword
 49000 | Elf:3    | Identified a +0 long sword
 49018 | Elf:3    | HP: 15/82 [guardian golem/exploding inner flame[INVALID
                  | YOU_FAULTLESS] (33)]
 49342 | Elf:3    | Identified a cursed -2 short sword
 49342 | Elf:3    | Identified a +0 long sword
 49343 | Elf:3    | Identified a +0 long sword
 49343 | Elf:3    | Identified a +0 leather armour
 49346 | Elf:3    | Identified a +0 short sword
 49346 | Elf:3    | Identified a +1 vorpal shortbow
 49346 | Elf:3    | Identified a +0 leather armour
 49346 | Elf:3    | Identified a +0 short sword
 49348 | Elf:3    | Identified a +4 long sword
 49348 | Elf:3    | Noticed a deep elf sorcerer
 49407 | Elf:3    | Identified a +1 dagger of venom
 49407 | Elf:3    | Identified a cursed +0 ring mail
 49445 | Elf:3    | Identified a +0 short sword
 49445 | Elf:3    | Identified a +0 short sword
 49445 | Elf:3    | Identified a cursed +0 leather armour
 49445 | Elf:3    | Noticed a deep elf blademaster
 49452 | Elf:3    | Identified a +0 broad axe
 49455 | Elf:3    | Identified a +0 rapier
 49455 | Elf:3    | Identified a +0 rapier
 49455 | Elf:3    | Identified a +0 leather armour
 49455 | Elf:3    | Noticed a deep elf blademaster
 49455 | Elf:3    | Identified a +0 longbow
 49455 | Elf:3    | Identified a +0 leather armour
 49455 | Elf:3    | Noticed a deep elf master archer
 49468 | Elf:2    | Killed a deep elf blademaster
 49469 | Elf:2    | HP: 11/82 [ghostly deep elf blademaster/+0 short sword
                  | (19)]
 49476 | Elf:2    | HP: 15/82 [ghostly deep elf blademaster/+0 short sword
                  | (16)]
 49478 | Elf:2    | Killed a ghostly deep elf blademaster
 49880 | Elf:3    | Identified a +1 dire flail of holy wrath
 49979 | Elf:3    | Identified 2 potions of brilliance
 49985 | Elf:3    | Identified a +0 dagger
 49985 | Elf:3    | Noticed a deep elf demonologist
 50000 | Elf:3    | Killed a deep elf demonologist
 50140 | Elf:3    | Identified a ring of ice (You found it on level 3 of the
                  | Elven Halls)
 50174 | Elf:3    | Identified a +0 dagger
 50174 | Elf:3    | Identified a +0 shortbow
 50174 | Elf:3    | Identified a +0 leather armour
 50327 | Elf:3    | Identified a +0 short sword
 50327 | Elf:3    | Identified a +2 spear of venom
 50327 | Elf:3    | Identified a +0 shortbow
 50327 | Elf:3    | Identified a +0 leather armour
 50340 | Elf:3    | Killed a deep elf master archer
 50340 | Elf:3    | Reached skill level 3 in Fire Magic
 50340 | Elf:3    | Reached skill level 11 in Evocations
 50428 | Elf:3    | Identified a +0 long sword
 50428 | Elf:3    | Noticed a deep elf sorcerer
 50429 | Elf:3    | Identified a +0 long sword
 50429 | Elf:3    | Identified a +0 robe
 50429 | Elf:3    | Identified a cursed ring of attention
 50429 | Elf:3    | Noticed a deep elf sorcerer
 50430 | Elf:3    | Identified a +0 long sword
 50430 | Elf:3    | Identified a cursed +0 leather armour
 50430 | Elf:3    | Identified the amulet "Ringopp" {Faith MR+ Dex-5 Slay+5}
 50431 | Elf:3    | Killed a deep elf sorcerer
 50433 | Elf:3    | Identified a +1 spear of flaming
 50434 | Elf:3    | Identified a cursed -3 dagger
 50434 | Elf:3    | Identified a +0 leather armour
 50445 | Elf:3    | Killed a deep elf sorcerer
 50501 | Elf:3    | Identified a +0 short sword
 50501 | Elf:3    | Identified a +1 robe
 50679 | Elf:3    | Identified a +0 rapier
 50684 | Elf:3    | Identified a +0 longbow
 50684 | Elf:3    | Identified a +0 leather armour
 50684 | Elf:3    | Noticed a deep elf master archer
 50686 | Elf:3    | Reached skill level 10 in Charms
 50694 | Elf:3    | Killed a deep elf master archer
 50694 | Elf:3    | Reached skill level 4 in Shields
 50847 | Elf:3    | Identified a +0 long sword
 50847 | Elf:3    | Identified the amulet of Ciut {Regen+ Int+4}
 50847 | Elf:3    | Noticed a deep elf demonologist
 50855 | Elf:3    | Identified a +0 demon whip of draining
 50855 | Elf:3    | Killed a deep elf demonologist
 50880 | Elf:3    | Identified a +3 rapier of venom
 50880 | Elf:3    | Identified a +0 leather armour
 50884 | Elf:3    | Identified a +0 dagger of venom
 50956 | Elf:3    | Identified a +2 spear of venom
 50956 | Elf:3    | Noticed a deep elf sorcerer
 50958 | Elf:3    | Killed a deep elf sorcerer
 50980 | Elf:3    | Identified the +4 scimitar "Ruesughi" {freeze, rElec Dex+2
                  | Stlth+}
 50980 | Elf:3    | Noticed a deep elf sorcerer
 50984 | Elf:3    | Killed a deep elf sorcerer
 51007 | Elf:3    | Identified the cursed +2 flail of Melee {flame, rN+}
 51007 | Elf:3    | Identified a +2 robe
 51119 | Elf:3    | Identified a +1 rapier of distortion
 51119 | Elf:3    | Identified a +0 leather armour
 51119 | Elf:3    | Identified an uncursed ring of fire
 51120 | Elf:3    | Identified the +1 robe of the Loofah {rC+ Str+4}
 51146 | Elf:3    | Identified the +6 ring mail of Negoirpha {rCorr}
 51152 | Elf:3    | Identified a +0 rapier
 51152 | Elf:3    | Identified a +0 leather armour
 51153 | Elf:3    | Identified a +0 long sword
 51413 | Elf:3    | Banished a deep elf blademaster
 51413 | Elf:3    | Reached XP level 18. HP: 72/87 MP: 12/39
 51510 | Elf:3    | Identified a +0 scimitar
 51511 | Elf:3    | Identified a +0 long sword
 51511 | Elf:3    | Identified a +0 ring mail
 51531 | Elf:3    | Reached skill level 7 in Fighting
 51553 | Elf:3    | Identified a cursed +0 morningstar
 51553 | Elf:3    | Identified a +0 leather armour
 51759 | Elf:3    | Identified a +1 long sword of freezing
 51759 | Elf:3    | Identified a +0 rapier
 51983 | Elf:3    | Identified a scroll of blinking
 51998 | Elf:3    | Reached skill level 4 in Fire Magic
 52485 | Elf:3    | Identified a +0 long sword
 52485 | Elf:3    | Identified a +0 leather armour
 52485 | Elf:3    | Identified a +5 scimitar of draining
 52492 | Elf:3    | Identified a +0 long sword
 52492 | Elf:3    | Noticed a deep elf sorcerer
 52496 | Elf:3    | Killed a deep elf sorcerer
 52498 | Elf:3    | Killed a deep elf sorcerer
 52677 | Elf:3    | Identified a +0 long sword
 52677 | Elf:3    | Identified a cursed +0 ring mail
 52677 | Elf:3    | Noticed a deep elf sorcerer
 52686 | Elf:3    | Killed a deep elf sorcerer
 52857 | Elf:3    | Identified a +0 short sword
 52857 | Elf:3    | Identified a +0 shortbow
 52857 | Elf:3    | Identified a +0 leather armour
 52896 | Elf:3    | Identified the cursed +2 spear of Gozag's Vengeance
                  | {vorpal, rF+ rC+}
 52896 | Elf:3    | Identified the ring "Daxzeq" {Str+2 SInv}
 52904 | Elf:3    | Reached skill level 11 in Charms
 53059 | Elf:3    | Identified a cursed -1 short sword
 53059 | Elf:3    | Noticed a deep elf demonologist
 53062 | Elf:3    | Killed a deep elf demonologist
 53185 | Elf:3    | Identified Goukua's Papyrus of Supportive Enhancements
 53193 | Elf:3    | Identified the Handbook of Venomous Beguiling
 53208 | Elf:3    | Learned a level 3 spell: Confusing Touch
 53214 | Elf:3    | Learned a level 5 spell: Summon Demon
 53234 | Elf:3    | Identified 2 scrolls of torment
 53235 | Elf:3    | Identified 2 scrolls of silence
 53236 | Elf:3    | Identified the +1 cloak of Arre {rElec rF++} (You found it
                  | on level 3 of the Elven Halls)
 53592 | Snake:1  | Entered Level 1 of the Snake Pit
 53650 | Snake:1  | Identified a +0 trident
 53650 | Snake:1  | Identified a +0 spear of freezing
 53776 | Snake:1  | Identified a cursed -2 club
 53826 | Snake:1  | Identified a +0 halberd
 53827 | Snake:1  | Identified a +2 flail of protection
 53953 | Snake:1  | Noticed Aizul
 53991 | Snake:1  | Banished Aizul
 54139 | Snake:1  | Identified a +3 dagger of venom
 54139 | Snake:1  | Identified a +0 robe
 54350 | Snake:1  | Reached skill level 5 in Summonings
 54448 | Snake:1  | Identified a +0 spear
 54460 | Snake:1  | Reached skill level 17 in Stealth
 54878 | Elf:2    | Bought a wand of digging (5) for 252 gold pieces
 55077 | Snake:2  | Identified a +0 trident
 55077 | Snake:2  | Identified a +0 robe
 55176 | Snake:2  | Identified a +0 long sword
 55177 | Snake:2  | Identified a +0 glaive
 55180 | Snake:2  | Identified a +2 halberd of venom
 55180 | Snake:2  | Identified a +0 robe
 55189 | Snake:2  | Identified a +0 halberd
 55208 | Snake:2  | Identified a +2 halberd of flaming
 55210 | Snake:2  | Identified a +0 war axe
 55223 | Snake:2  | Identified a +0 robe
 55263 | Snake:2  | Identified a +0 dagger of venom
 55263 | Snake:2  | Identified a +0 robe
 55275 | Snake:2  | Identified a +0 trident
 55275 | Snake:2  | Identified a +0 robe
 55298 | Snake:2  | HP: 22/88 [poisoned by a naga ritualist (toxic radiance)]
 55303 | Snake:2  | HP: 21/88 [poisoned by a naga ritualist (toxic radiance)]
 55309 | Snake:1  | HP: 20/88 [poisoned by a naga ritualist (toxic radiance)]
 55314 | Snake:1  | HP: 20/88 [poisoned by a naga ritualist (toxic radiance)]
 55322 | Snake:1  | HP: 19/88 [poisoned by a naga ritualist (toxic radiance)]
 56074 | Snake:2  | Reached skill level 16 in Dodging
 56144 | Snake:2  | Identified a +0 glaive
 56223 | Snake:2  | Identified a +0 short sword
 56227 | Snake:2  | Identified a +0 war axe
 56227 | Snake:2  | Identified a +0 longbow
 56228 | Snake:2  | Identified a +0 dire flail
 56228 | Snake:2  | Identified a +0 trident
 56228 | Snake:2  | Identified a +0 arbalest
 56228 | Snake:2  | Identified a +0 robe
 56237 | Snake:2  | Identified a +0 long sword
 56237 | Snake:2  | Identified a +0 arbalest
 56253 | Snake:2  | Identified a +0 flail
 56253 | Snake:2  | Identified a +0 arbalest
 56255 | Snake:2  | Identified a +0 demon trident
 56256 | Snake:2  | Identified a +0 longbow
 56256 | Snake:2  | Identified a +0 dire flail of protection
 56256 | Snake:2  | Identified a +2 naga barding of flying
 56256 | Snake:2  | Noticed Vashnia
 56397 | Snake:2  | HP: 19/88 [shock serpent/electric aura (10)]
 56399 | Snake:2  | HP: 6/88 [something (7)]
 56876 | Snake:2  | Identified a +0 shortbow
 56876 | Snake:2  | Identified a +0 war axe
 56907 | Snake:2  | Reached skill level 14 in Earth Magic
 57739 | Snake:1  | Killed Vashnia
 57847 | Snake:2  | Identified a +0 trident
 57867 | Snake:2  | HP: 18/88 [naga sharpshooter/bolt[Vashnia] (20)]
 57869 | Snake:2  | HP: 6/88 [naga sharpshooter/bolt[Vashnia] (18)]
 58121 | Snake:2  | Identified a +0 trident
 58447 | Snake:2  | Identified a +3 halberd
 58507 | Snake:3  | Identified a +0 glaive
 58508 | Snake:3  | Identified a +4 flail
 58508 | Snake:3  | Identified a +0 tower shield
 58508 | Snake:3  | Identified a +0 short sword
 58508 | Snake:3  | Identified a +0 robe
 58508 | Snake:3  | Identified a +0 trident
 58508 | Snake:3  | Identified a +0 robe
 58508 | Snake:3  | Identified a +0 battleaxe
 58520 | Snake:3  | Identified a +0 battleaxe
 58520 | Snake:3  | Identified a +0 robe
 58827 | Snake:3  | Identified a +0 shortbow of flaming
 58831 | Snake:3  | Identified a +0 quarterstaff
 58831 | Snake:3  | Identified a +0 robe
 58831 | Snake:3  | Identified a +0 halberd
 58887 | Snake:3  | Identified a +0 robe
 59003 | Snake:3  | Identified a +0 dagger of venom
 59003 | Snake:3  | Identified a +0 robe
 59005 | Snake:3  | Identified a +0 halberd
 59005 | Snake:3  | Identified a +0 shortbow
 59005 | Snake:3  | Identified a +0 robe
 59011 | Snake:3  | Identified a +1 glaive of venom
 59016 | Snake:3  | Identified a +0 long sword
 59126 | Snake:3  | Identified a +3 dire flail
 59126 | Snake:3  | Identified a +0 shortbow
 59127 | Snake:3  | Identified a +0 war axe
 59130 | Snake:3  | Identified a +1 trident of protection
 59132 | Snake:3  | Identified a +0 glaive
 59132 | Snake:3  | Identified a +0 arbalest
 59132 | Snake:3  | Identified a +0 robe
 59133 | Snake:3  | Identified a +0 short sword
 59133 | Snake:3  | Identified a cursed +0 robe
 59176 | Snake:3  | Identified a +0 flail
 59403 | Snake:3  | Identified a +4 flail
 59403 | Snake:3  | Identified a +0 shortbow of flaming
 59403 | Snake:3  | Identified a +0 whip
 59404 | Snake:3  | Identified a +0 scimitar of flaming
 59404 | Snake:3  | Noticed Azrael
 59447 | Snake:3  | Killed Azrael
 59447 | Snake:3  | Reached skill level 5 in Fire Magic
 59451 | Snake:3  | Identified a +0 short sword
 59451 | Snake:3  | Identified a +0 shortbow
 59460 | Snake:3  | Identified a +0 scimitar
 59460 | Snake:3  | Identified a +0 robe
 59577 | Snake:3  | Identified a +0 battleaxe
 59577 | Snake:3  | Identified a +0 robe
 59579 | Snake:3  | Identified a +0 demon trident of pain
 59581 | Snake:3  | Identified a +0 flail
 59860 | Snake:3  | Identified a +0 mace of venom
 59860 | Snake:3  | Identified a +0 robe
 59861 | Snake:3  | Identified a +0 halberd
 59861 | Snake:3  | Identified a +0 robe
 59865 | Snake:3  | Identified a +0 trident
 59867 | Snake:3  | Identified a +0 trident
 59909 | Snake:3  | Identified a +0 whip
 59909 | Snake:3  | Identified a +0 robe
 59983 | Snake:3  | Identified a +0 hand axe
 60026 | Snake:3  | Identified a +0 dire flail
 60028 | Snake:3  | Identified a +0 dire flail
 60028 | Snake:3  | Identified a +0 robe
 60030 | Snake:3  | Identified a +0 demon trident
 60031 | Snake:3  | Identified a +0 trident
 60036 | Snake:3  | Identified a +0 flail
 60036 | Snake:3  | Identified a +0 spear
 60036 | Snake:3  | Identified a +0 robe
 60036 | Snake:3  | Identified a cursed -3 scimitar
 60348 | Snake:3  | Identified a +0 halberd
 60349 | Snake:3  | Identified a +3 flail
 60550 | Snake:3  | Identified a +0 battleaxe
 60602 | Snake:3  | Reached skill level 6 in Summonings
 60814 | Snake:3  | Identified a +0 demon trident
 60902 | Snake:3  | Identified a +0 scimitar
 61127 | Snake:4  | Entered Level 4 of the Snake Pit
 61159 | Snake:4  | Identified a +0 club
 61292 | Snake:4  | Identified a +0 scimitar
 61308 | Snake:4  | Gained mutation: Your spells are a little easier to cast,
                  | but a little less powerful. [a neqoxec]
 61462 | Snake:4  | Identified a +0 club
 61462 | Snake:4  | Identified a +0 robe
 61467 | Snake:4  | Reached skill level 12 in Charms
 61489 | Snake:4  | Identified a +0 halberd
 61489 | Snake:4  | Identified a cursed +0 robe
 61490 | Snake:4  | Identified a +0 flail
 61490 | Snake:4  | Identified a +0 robe
 61524 | Snake:4  | Identified a +0 glaive
 61696 | Snake:4  | Identified a +0 halberd
 61707 | Snake:4  | Identified a +0 shortbow of flaming
 61714 | Snake:4  | Identified a +0 dire flail
 61726 | Snake:4  | Identified a +2 demon trident of venom
 61778 | Snake:4  | Identified a +2 dagger of venom
 61778 | Snake:4  | Identified a +0 robe
 61919 | Snake:4  | Identified a +0 whip
 61919 | Snake:4  | Identified a +0 robe
 62177 | Snake:4  | Identified a +0 spear
 62355 | Snake:4  | Identified a +0 dire flail
 62356 | Snake:4  | Identified a +0 short sword
 62356 | Snake:4  | Identified a +0 robe
 62356 | Snake:4  | Identified a +0 tower shield
 62356 | Snake:4  | Identified a +0 mace
 62356 | Snake:4  | Identified a +0 robe
 62381 | Snake:4  | Identified a +0 dagger
 62381 | Snake:4  | Identified a +0 robe
 62533 | Snake:4  | Identified a +0 trident
 62537 | Snake:4  | Identified a +0 halberd
 62586 | Snake:4  | Identified a +0 hand axe
 62587 | Snake:4  | Identified a +0 hand axe
 62587 | Snake:4  | Identified a +0 longbow
 62607 | Snake:4  | Identified a +0 scimitar of venom
 62607 | Snake:4  | Identified a +0 robe
 62618 | Snake:4  | Identified a +0 club
 63098 | Snake:4  | Identified a +0 halberd
 63099 | Snake:4  | Identified a +2 war axe of freezing
 63193 | Snake:4  | Identified a +0 trident
 63193 | Snake:4  | Identified a +0 arbalest
 63193 | Snake:4  | Identified a +0 robe
 63222 | Snake:3  | Reached XP level 19. HP: 55/93 MP: 1/40
 63590 | D:11     | Learned a level 6 spell: Darkness
 63839 | Snake:4  | Identified a +2 scimitar of venom
 63839 | Snake:4  | Identified a +0 robe
 63962 | Snake:4  | Identified a +0 war axe
 63967 | Snake:4  | Identified a +0 spear
 63967 | Snake:4  | Identified a +0 robe
 64318 | Snake:4  | Identified a +0 dire flail
 64318 | Snake:4  | Identified a +0 shortbow
 64318 | Snake:4  | Identified a +0 robe
 64321 | Snake:4  | Identified a +0 war axe
 64321 | Snake:4  | Identified a +0 kite shield
 64321 | Snake:4  | Identified a +0 dire flail
 64321 | Snake:4  | Identified a +0 robe
 64369 | Snake:4  | Identified a +0 glaive
 64991 | Snake:4  | Found Cemal's Distillery.
 64997 | Snake:4  | Bought a potion of curing for 30 gold pieces
 64997 | Snake:4  | Bought a potion of curing for 30 gold pieces
 65001 | Snake:4  | Identified a +0 scimitar
 65001 | Snake:4  | Identified a +0 robe
 65057 | Snake:4  | Identified a +0 mace of holy wrath
 65065 | Snake:4  | Identified a +0 dagger of venom
 65065 | Snake:4  | Identified a +0 robe
 65522 | Snake:4  | Identified a +0 halberd
 65530 | Snake:4  | Reached skill level 8 in Fighting
 65531 | Snake:4  | Identified a +0 war axe
 65704 | Snake:4  | Identified a +0 war axe
 65823 | Snake:4  | Identified a +0 short sword
 65823 | Snake:4  | Identified a +0 robe
 65837 | Snake:4  | Identified a +0 glaive
 65839 | Snake:4  | Identified a +0 whip
 65839 | Snake:4  | Identified a +0 robe
 65851 | Snake:4  | Identified a +2 halberd of freezing
 65863 | Snake:4  | Identified a +0 club
 65863 | Snake:4  | Identified a cursed +0 robe
 65867 | Snake:4  | Identified a +0 war axe
 65867 | Snake:4  | Identified a -3 shortbow
 65867 | Snake:4  | Identified a +0 robe
 66237 | Snake:4  | Identified a +4 war axe
 66321 | Snake:4  | Reached skill level 13 in Hexes
 66375 | Snake:4  | Identified a +0 flail
 66499 | Snake:4  | Identified a +0 glaive
 66499 | Snake:4  | Identified a +0 arbalest
 66528 | Snake:4  | Identified a +0 war axe
 66554 | Snake:4  | Identified a +0 flail
 66557 | Snake:4  | Identified a +0 dire flail
 66576 | Snake:4  | Identified a +2 scimitar of holy wrath
 66576 | Snake:4  | Identified a +0 shortbow
 66737 | Snake:4  | Identified a +2 antimagic dire flail
 66766 | Snake:4  | Identified a +0 hand axe
 66767 | Snake:4  | Identified a +0 long sword
 66771 | Snake:4  | Identified a +0 glaive
 66780 | Snake:4  | Identified a +0 trident
 66894 | Snake:4  | Identified a +0 robe
 66991 | Snake:4  | Identified a +0 glaive
 67017 | Snake:4  | Reached skill level 7 in Summonings
 67023 | Snake:4  | Learned a level 4 spell: Summon Lightning Spire
 67031 | Snake:4  | Identified a +0 spear
 67031 | Snake:4  | Identified a +0 robe
 67054 | Snake:4  | Identified a +0 hand axe
 67108 | Snake:4  | Identified a +0 battleaxe
 67176 | Snake:4  | Identified a +0 robe
 67181 | Snake:4  | Identified a +0 flail
 67272 | Snake:4  | Identified a +0 hand axe
 67272 | Snake:4  | Identified a +0 robe
 67787 | Snake:4  | Identified a +0 glaive
 67872 | Snake:4  | Identified a +0 hand axe
 67898 | Snake:4  | Identified a +0 dire flail
 67898 | Snake:4  | Identified a +0 robe
 67898 | Snake:4  | Identified a +0 halberd
 67898 | Snake:4  | Identified a +0 robe
 68118 | Snake:4  | Identified a +0 hand axe
 68118 | Snake:4  | Identified a +0 robe
 68124 | Snake:4  | Identified a +2 halberd of freezing
 68124 | Snake:4  | Identified a +0 robe
 68204 | Snake:4  | Identified a +0 whip
 68204 | Snake:4  | Identified a +0 robe
 68577 | Snake:4  | Got a serpentine rune of Zot
 69150 | Shoals:1 | Entered Level 1 of the Shoals
 69453 | Shoals:1 | Identified a +0 club
 69453 | Shoals:1 | Identified a +0 hunting sling
 69453 | Shoals:1 | Identified a +0 quarterstaff
 69453 | Shoals:1 | Identified a +0 hunting sling
 69455 | Shoals:1 | Identified a +0 spear
 69455 | Shoals:1 | Identified a +0 hunting sling
 69464 | Shoals:1 | Identified a +0 trident
 69487 | Shoals:1 | Identified a +0 club
 69487 | Shoals:1 | Identified a +0 hunting sling of freezing
 69488 | Shoals:1 | Identified a +0 spear
 69488 | Shoals:1 | Identified a +0 hunting sling
 69489 | Shoals:1 | Identified a +0 spear
 69507 | Shoals:1 | Identified a +0 trident
 69539 | Shoals:1 | Reached skill level 18 in Stealth
 69797 | Shoals:1 | Identified a +0 trident
 69798 | Shoals:1 | Identified a +8 trident of protection
 69798 | Shoals:1 | Identified a +0 robe
 69801 | Shoals:1 | Identified a +0 glaive
 69801 | Shoals:1 | Identified a +0 spear
 69830 | Shoals:1 | Identified a cursed -1 spear
 69830 | Shoals:1 | Identified a +2 hunting sling of freezing
 69841 | Shoals:1 | Identified a +0 spear
 69843 | Shoals:1 | Identified a cursed -2 club
 69843 | Shoals:1 | Identified a +0 hunting sling
 69845 | Shoals:1 | Identified a cursed +0 quarterstaff
 69845 | Shoals:1 | Identified a +0 hunting sling
 70194 | Shoals:1 | Identified a +0 trident
 70340 | Shoals:1 | Identified a +1 trident of freezing
 70340 | Shoals:1 | Identified a +0 robe
 70690 | Shoals:1 | Identified a +0 trident
 71070 | Shoals:1 | HP: 15/94 [ice dragon] (27)]
 71091 | Shoals:1 | Identified a +0 spear
 71091 | Shoals:1 | Identified a +0 hunting sling
 71109 | Shoals:1 | Identified a +0 trident
 71110 | Shoals:1 | Identified a +0 trident of freezing
 71112 | Shoals:1 | Killed from afar by an ice dragon

Table legend:
 A = Turns spent in this place as a percentage of turns spent in the entire game.
 B = Non-inter-level travel turns spent in this place as a percentage of non-inter-level travel turns spent in the entire game.
 C = Inter-level travel turns spent in this place as a percentage of turns spent in this place.
 D = Turns resting spent in this place as a percentage of non-inter-level travel turns spent in this place.
 E = Turns spent auto-exploring this place as a percentage of non-inter-level travel turns spent in this place.
 F = Non-inter-level travel turns spent in this place divided by the number of levels of this place that you've seen.
                   A       B       C       D       E      F
               +-------+-------+-------+-------+-------+----------------------
         Total | 100.0 | 100.0 |   5.1 |  45.2 |  29.5 | 1984.5
       Dungeon |  36.8 |  37.1 |   4.2 |  41.5 |  34.0 | 1669.5
        Temple |   0.0 |   0.0 |  18.2 |   0.0 |   0.0 |  18.0
          Lair |  15.0 |  14.7 |   7.0 |  33.4 |  39.9 | 1648.3
        Shoals |   2.8 |   2.9 |   1.7 |  43.2 |  37.7 | 1928.0
     Snake Pit |  21.3 |  21.5 |   4.4 |  50.8 |  25.0 | 3627.5
  Orcish Mines |   3.5 |   3.3 |  11.1 |  32.1 |  31.2 | 1117.0
   Elven Halls |  16.7 |  16.3 |   6.9 |  53.5 |  20.8 | 3674.7
       Ossuary |   2.7 |   2.9 |   0.0 |  73.2 |   1.2 | 1929.0
       Volcano |   1.3 |   1.3 |   0.0 |  61.7 |   7.8 | 898.0
               +-------+-------+-------+-------+-------+----------------------

Table legend:
 A = Kills in this place as a percentage of kills in entire the game.
 B = Kills by you in this place as a percentage of kills by you in the entire game.
 C = Kills by friends in this place as a percentage of kills by friends in the entire game.
 D = Other kills in this place as a percentage of other kills in the entire game.
 E = Experience gained in this place as a percentage of experience gained in the entire game.
 F = Experience gained in this place divided by the number of levels of this place that you have seen.
                   A       B       C       D       E      F
               +-------+-------+-------+-------+-------+----------------------
         Total | 100.0 | 100.0 | 100.0 | 100.0 | 100.0 | 12816.9
       Dungeon |  36.7 |  41.0 |  11.9 |  23.6 |  19.9 | 5766.9
          Lair |  18.8 |  19.3 |   0.0 |  24.7 |  12.9 | 9360.7
        Shoals |   2.7 |   1.4 |  19.0 |   2.7 |   2.8 | 12374.0
     Snake Pit |  18.2 |  15.1 |  52.4 |  19.8 |  26.3 | 28609.2
  Orcish Mines |   5.8 |   4.9 |  14.3 |   6.6 |   2.9 | 6210.5
   Elven Halls |  15.2 |  15.0 |   2.4 |  22.5 |  34.1 | 49581.7
       Ossuary |   1.2 |   1.5 |   0.0 |   0.0 |   0.2 | 917.0
       Volcano |   1.5 |   1.9 |   0.0 |   0.0 |   1.0 | 4215.0
               +-------+-------+-------+-------+-------+----------------------

Skill      XL: |  1  2  3  4  5  6  7  8  9 10 11 12 13 14 15 16 17 18 19 |
---------------+----------------------------------------------------------+-----
Spellcasting   | 3 4 5 6 8 9 10 12 13 14 15 16 | 16.0
Earth Magic    | 3 4 5 6 7 8 9 10 11 12 13 14 | 14.8
Stealth        | 4 5 6 7 9 10 11 12 13 14 15 16 17 18 | 18.0
Dodging        | 4 5 6 7 8 9 10 11 12 13 14 15 16 | 16.8
Short Blades   | 1 2 3 4 5 6 7 8 9 10 | 10.0
Hexes          | 4 7 9 10 11 12 13 | 13.2
Evocations     | 3 5 7 8 10 11 | 11.5
Fighting       | 3 5 6 7 8 |  8.2
Summonings     | 4 6 7 |  7.4
Charms         | 7 10 12 | 12.8
Shields        | 2 4 |  4.0
Fire Magic     | 3 5 |  5.9
Transmutations | |  1.3

Action                   |  1- 3 |  4- 6 |  7- 9 | 10-12 | 13-15 | 16-18 | 19-21 || total
-------------------------+-------+-------+-------+-------+-------+-------+-------++-------
Melee: Unarmed           |    14 |       |       |       |       |       |       ||    14
       Dagger            |   109 |   217 |    10 |   381 |  1131 |   760 |   263 ||  2871
       Rapier            |       |    60 |   289 |   122 |       |       |       ||   471
Throw: Dart              |     6 |    33 |    66 |    12 |    20 |       |       ||   137
 Cast: Sandblast         |    29 |    74 |    79 |   124 |   114 |   194 |    22 ||   636
       Stone Arrow       |       |     1 |    68 |    75 |   279 |   207 |   123 ||   753
       Lee's Rapid Decon |       |       |       |    15 |    43 |   101 |    36 ||   195
       Summon Guardian G |       |       |       |     6 |     5 |    24 |     5 ||    40
       Petrify           |       |       |       |     4 |    20 |    11 |       ||    35
       Fulminant Prism   |       |       |       |       |    27 |     3 |    29 ||    59
       Call Canine Famil |       |       |       |       |     7 |    10 |       ||    17
       Summon Demon      |       |       |       |       |       |    73 |    26 ||    99
       Confusing Touch   |       |       |       |       |       |    11 |     8 ||    19
       Summon Lightning  |       |       |       |       |       |       |    19 ||    19
       Darkness          |       |       |       |       |       |       |     7 ||     7
Invok: Call Merchant     |       |       |       |     1 |     1 |     1 |       ||     3
 Abil: Evoke Invisibilit |       |       |       |       |     2 |     1 |       ||     3
       Stop Flying       |       |       |       |       |       |       |     1 ||     1
       Evoke Flight      |       |       |       |       |       |       |     1 ||     1
Evoke: Wand              |       |       |       |    15 |    42 |    28 |    23 ||   108
       Lightning rod     |       |       |       |       |     4 |     1 |     1 ||     6
       Box of beasts     |       |       |       |       |     1 |       |       ||     1
  Use: Scroll            |       |     2 |     3 |    21 |    11 |    12 |     4 ||    53
       Potion            |       |     1 |       |     1 |     3 |    11 |     3 ||    19
 Stab: Sleeping          |     2 |     7 |    15 |    21 |    36 |    45 |     4 ||   130
       Distracted        |       |       |       |     4 |    24 |    12 |     2 ||    42
       Petrified         |       |       |       |     2 |     5 |     2 |       ||     9
       Petrifying        |       |       |       |       |     1 |     2 |       ||     3
       Invisible         |       |       |       |       |     3 |     1 |       ||     4
       Confused          |       |       |       |       |       |     5 |     6 ||    11
       Paralysed         |       |       |       |       |       |     2 |       ||     2
  Eat: Ration            |       |     2 |     4 |     7 |    11 |    11 |     4 ||    39
Armor: Robe              |    23 |    28 |    30 |    30 |    80 |    39 |    26 ||   256
       Skin              |       |       |       |       |       |     2 |       ||     2
Dodge: Dodged            |   158 |   328 |   302 |   372 |   929 |   559 |   284 ||  2932
Block: Buckler           |       |       |       |       |       |   282 |   134 ||   416

Vanquished Creatures
  Vashnia (Snake:1)
  A deep elf blademaster (Elf:2)
  2 deep elf master archers (Elf:3)
  A sphinx (Elf:2)
  Kirke (Lair:5)
  Agnes (Elf:1)
  6 nagarajas (Snake:4)
  A frost giant (D:14)
  9 deep elf sorcerers
  5 deep elf elementalists
  A stone giant (Orc:2)
  7 deep elf annihilators
  A dire elephant (Lair:6)
  4 deep elf demonologists
  Azrael (Snake:3)
  Snorg (D:12)
  5 deep elf death magi
  The ghost of MonzzCrawl the Carver, a journeyman DsGl of Okawaru (D:15)
  A fire dragon (Elf:2)
  3 vault guards (D:14)
  7 hydras
  A catoblepas (D:15)
  8 anacondas
  7 naga warriors
  5 centaur warriors
  A hell beast (Elf:2)
  A shambling mangrove (Elf:1)
  3 death yaks (Lair:6)
  3 ogre magi
  12 two-headed ogres
  A hell hog (Volcano)
  4 shock serpents
  Urug (Lair:4)
  2 orc high priests (Orc:2)
  5 naga sharpshooters
  Sonja (Lair:4)
  15 deep elf knights
  A fire crab (Volcano)
  4 skeletal warriors
  A salamander mystic (Snake:4)
  3 unseen horrors
  9 sea snakes
  12 deep elf archers
  4 naga ritualists
  A necromancer (Lair:5)
  A wizard (D:14)
  Pikel (D:7)
  4 orc knights
  4 harpies
  59 deep elf magi
  2 orc sorcerers
  2 ugly things
  2 fauns (Shoals:1)
  6 cyclopes
  5 mana vipers
  3 salamanders
  7 manticores
  Maurice (D:12)
  7 elephants
  31 black mambas
  3 merfolk sirens
  8 guardian serpents
  20 naga magi
  A water nymph (Shoals:1)
  11 spiny frogs
  A molten gargoyle (Volcano)
  Psyche (D:9)
  2 centaur skeletons
  10 komodo dragons
  An efreet (D:15)
  A kobold demonologist (D:15)
  2 tengu conjurers
  A wandering mushroom (Elf:1)
  14 trolls
  4 merfolk
  9 polar bears
  5 hornets
  A hornet (shapeshifter) (Elf:2)
  A harpy skeleton (D:11)
  A meliai (D:15)
  A jumping spider (shapeshifter) (Elf:2)
  4 dream sheep (Shoals:1)
  3 slime creatures
  4 raiju (Lair:6)
  7 hippogriffs
  Sigmund (D:5)
  2 shadows
  A spriggan (D:7)
  A spriggan (shapeshifter) (Elf:1)
  3 wyverns
  3 air elementals
  5 fire elementals (Snake:3)
  5 fire bats (Volcano)
  A vampire (D:12)
  2 humans (D:14)
  3 water elementals
  7 basilisks
  36 yaks
  4 hungry ghosts
  3 steam dragons (Volcano)
  A vampire mosquito (D:11)
  Menkaure (D:4)
  9 wargs
  Edmund (D:4)
  An acid dragon (D:15)
  13 water moccasins
  18 hell hounds
  44 nagas
  A soldier ant (D:13)
  Duvessa (D:4)
  18 orc warriors
  8 porcupines
  13 black bears
  4 slaves (D:7)
  4 phantoms
  4 ice beasts
  An eye of draining (D:12)
  12 wolves
  10 ogres
  4 sky beasts
  22 centaurs
  10 crocodiles
  6 elf zombies (Ossuary)
  3 big kobolds
  12 bullfrogs
  2 wyvern zombies
  4 earth elementals
  Dowan (D:4)
  A water moccasin skeleton (D:8)
  5 scorpions
  A killer bee (D:11)
  11 wights
  3 vampire bats (D:7)
  6 howler monkeys
  2 electric eels (Lair:6)
  6 lava snakes (Volcano)
  10 centaur zombies
  6 crimson imps
  4 bullfrog zombies
  A hound (D:7)
  3 bullfrog skeletons
  A human zombie (Ossuary)
  8 orc priests
  3 jellies
  18 orc wizards
  7 iguanas
  8 worker ants
  4 polar bear simulacra (Lair:5)
  A yak simulacrum (Lair:5)
  2 wolf simulacra (Lair:5)
  A hound skeleton (D:6)
  3 mummies (Ossuary)
  3 gnolls (D:4)
  21 adders
  5 shadow imps
  11 white imps (Lair:5)
  2 oozes
  An adder zombie (D:8)
  3 worms
  4 leopard geckos
  53 orcs
  3 ball pythons
  2 bat skeletons (D:7)
  2 bat zombies (D:7)
  3 giant cockroaches
  11 goblins
  8 hobgoblins
  11 jackals (D:1)
  14 kobolds
  3 quokkas
  9 bats
  3 frilled lizards
  A leopard gecko skeleton (D:5)
  A leopard gecko zombie (D:5)
  A quokka skeleton (D:5)
  A quokka zombie (D:6)
  6 rats
  2 river rat simulacra (Lair:5)
  A butterfly (D:11)
  A plant (D:11)
1022 creatures vanquished.

Vanquished Creatures (collateral kills)
  A nagaraja (Snake:4)
  A deep elf elementalist (Elf:3)
  2 merfolk impalers (Shoals:1)
  A vault guard (D:14)
  A rakshasa (D:15)
  2 naga warriors (Snake:3)
  An ice dragon (Shoals:1)
  2 anacondas
  A two-headed ogre (D:11)
  2 shock serpents (Snake:3)
  An orc high priest (Orc:2)
  6 naga sharpshooters
  A deep elf knight (Elf:3)
  A salamander mystic (Snake:3)
  A sea snake (Shoals:1)
  2 naga ritualists
  2 harpies (Shoals:1)
  A mana viper (Snake:3)
  3 fauns (Shoals:1)
  2 cyclopes (Shoals:1)
  A salamander (Snake:3)
  6 black mambas
  A merfolk siren (Shoals:1)
  2 naga magi
  A guardian serpent (Snake:3)
  3 merfolk (Shoals:1)
  A tyrant leech (Snake:4)
  A dream sheep (Shoals:1)
  16 nagas
  5 orc warriors
  An ogre (D:15)
  A big kobold (D:14)
  An orc priest (Orc:2)
  An orc wizard (Orc:2)
  9 orcs
  A plant (Shoals:1)
85 creatures vanquished.

Vanquished Creatures (others)
  4 nagarajas
  A deep elf sorcerer (Elf:2)
  A deep elf death mage (Elf:3)
  A great orb of eyes (D:11)
  4 naga warriors
  4 hydras
  A catoblepas (D:11)
  2 anacondas
  17 dancing weapons
  A death yak (Lair:6)
  A two-headed ogre (D:15)
  4 naga sharpshooters
  A deep elf knight (Elf:2)
  4 skeletal warriors
  An unseen horror (D:10)
  2 sea snakes (Snake:4)
  A deep elf archer (Elf:3)
  A naga ritualist (Snake:2)
  2 harpies
  2 mana vipers
  2 orc knights
  A centaur zombie (D:10)
  A faun (Shoals:1)
  A salamander (Snake:4)
  An orc sorcerer (Orc:2)
  6 deep elf magi
  A guardian serpent (Snake:2)
  11 elephants
  8 black mambas
  A naga mage (Snake:4)
  2 centaur skeletons (D:15)
  2 spiny frogs
  2 kobold demonologists
  2 komodo dragons
  A yaktaur (D:15)
  2 merfolk
  2 polar bears (Lair:6)
  3 trolls
  A hornet (Elf:1)
  4 hippogriffs
  A hippogriff (shapeshifter) (Elf:3)
  A blink frog (shapeshifter) (Elf:3)
  A snapping turtle (Shoals:1)
  A water elemental (Elf:2)
  An air elemental (Elf:2)
  17 yaks
  4 humans (Lair:5)
  A warg (Orc:1)
  5 nagas
  3 water moccasins
  A hell hound (Elf:2)
  A black bear (D:10)
  A phantom (D:13)
  4 orc warriors
  4 ogres
  2 wolves (Lair:6)
  2 crocodiles
  A big kobold (D:13)
  2 bullfrogs
  A scorpion (D:9)
  4 wights
  A hound (D:9)
  An orc wizard (Orc:1)
  2 yak simulacra (Lair:5)
  An adder (D:11)
  A shadow imp (D:15)
  A white imp (Lair:5)
  4 orcs
  3 bushes (Shoals:1)
  59 fulminant prisms
  18 fungi
  19 plants
277 creatures vanquished.

Grand Total: 1384 creatures vanquished
